 Dungeon Crawl Stone Soup version 0.31-a0-1547-g618ab1f346 (webtiles) character file.

Game seed: 17839077030654134884

13822223 NoAnimeNoLife the Bringer of Law (level 27, 273/273 HPs)
             Began as a Minotaur Wanderer on Jan 1, 2024.
             Was the Champion of Zin.
             Escaped with the Orb
             ... and 15 runes on Jan 2, 2024!
             The game lasted 04:10:25 (115208 turns).

NoAnimeNoLife the Bringer of Law (MiWn)           Turns: 115208, Time: 04:10:26

Health: 273/273    AC: 45    Str: 32    XL:     27
Magic:  41/41      EV: 24    Int:  5    God:    Zin [******]
Gold:   3367       SH: 32    Dex: 12    Spells: 57/57 levels left

rFire   + + +        W - +9 trishula (holy)
rCold   + . .        B - +8 tower shield {AC+3}
rNeg    + + +        u - +10 plate armour of Lolamusi {rN+}
rPois   .            Y - +2 hat of Thoughtfulness {Rampage Str+2 Stlth+}
rElec   +            m - +2 cloak {Will+}
rCorr   .            R - +3 pair of gauntlets of War {Slay+5}
SInv    .            G - +2 pair of boots
Will    +++++        M - amulet of the Four Winds {rN+ Will+++ Clar} Stlth
                     a - ring of Beauty {+Blink rElec rF+ rC+ rN+}
HPRegen 0.65/turn    H - ring of the Howling Gods {rF++ EV+5 Str-5}
MPRegen 0.27/turn

%: clarity, rampage
@: studying 5 skills
A: horns 2, retaliatory headbutt, berserk 1, deformed body, screaming 1,
inhibited regeneration, strong 1, wild magic 1, inability to drink after injury
1, noise suppression
0: Orb of Zot
}: 15/15 runes: decaying, serpentine, slimy, silver, golden, iron, obsidian,
icy, bone, abyssal, demonic, glowing, magical, fiery, dark
a: Renounce Religion, Evoke Blink, Recite, Vitalisation, Imprison, Sanctuary,
Donate Gold


You escaped.
You worshipped Zin.
Zin was exalted by your worship.
You visited 18 branches of the dungeon, and saw 86 of its levels.
You visited Pandemonium 2 times, and saw 19 of its levels.
You visited the Abyss 2 times.
You visited 1 ziggurat, and saw 14 of its levels.
You also visited: Ossuary, Gauntlet and Desolation.

You collected 17423 gold pieces.
You spent 3871 gold pieces at shops.
You donated 10185 gold pieces to Zin.

Inventory:

Hand Weapons
 W - a +9 trishula of holy wrath (weapon)
Missiles
 q - 2 throwing nets
 E - 3 silver javelins (quivered)
 Z - 12 javelins
Armour
 m - a +2 cloak of willpower (worn)
 u - the +10 plate armour of Lolamusi (worn) {rN+}
   (You found it on level 5 of the Pits of Slime)

   rN+:       It protects you from negative energy.
 B - a +8 tower shield of protection (worn)
 G - a +2 pair of boots (worn)
 R - the +3 pair of gauntlets of War (worn) {Slay+5}
   (Okawaru gifted it to you on level 2 of the Lair of Beasts)

   Slay+5:    It affects your accuracy & damage with ranged weapons and melee
   (+5).
 Y - the +2 hat of Thoughtfulness (worn) {Rampage Str+2 Stlth+}
   (You found it in a Gauntlet)

   Str+2:     It affects your strength (+2).
   Rampage:   It bestows one free step when moving towards enemies.
   Stlth+:    It makes you more stealthy.
Jewellery
 a - the ring of Beauty (left hand) {+Blink rElec rF+ rC+ rN+}
   (You bought it in a shop on level 4 of the Dungeon)

   [ring of positive energy]

   rF+:       It protects you from fire.
   rC+:       It protects you from cold.
   rElec:     It insulates you from electricity.
   rN+:       It protects you from negative energy.
   +Blink:    It lets you blink.
 e - a ring of flight
 i - a ring of see invisible
 y - the ring of Leaves {+Blink rN++ Str-3 Int+6 Stlth+}
   (You found it in Pandemonium)

   [ring of intelligence]

   Str-3:     It affects your strength (-3).
   Int+6:     It affects your intelligence (+6).
   rN++:      It greatly protects you from negative energy.
   +Blink:    It lets you blink.
   Stlth+:    It makes you more stealthy.
 H - the ring of the Howling Gods (right hand) {rF++ EV+5 Str-5}
   (You found it on level 5 of the Pits of Slime)

   [ring of evasion]

   EV+5:      It affects your evasion (+5).
   Str-5:     It affects your strength (-5).
   rF++:      It greatly protects you from fire.
 L - the ring "Urrer" {rPois rC+ Dex+4}
   (You found it in a Gauntlet)

   [ring of protection from cold]

   Dex+4:     It affects your dexterity (+4).
   rC+:       It protects you from cold.
   rPois:     It protects you from poison
 M - the amulet of the Four Winds (around neck) {rN+ Will+++ Clar}
   (You bought it in a shop on level 4 of the Dungeon)

   [amulet of nothing]

   rN+:       It protects you from negative energy.
   Will+++:   It greatly increases your willpower.
   Clar:      It protects you from confusion, rage, mesmerisation and fear.
Wands
 g - a wand of polymorph (32)
 h - a wand of quicksilver (9)
 s - a wand of digging (28) {@v3}
 J - a wand of charming (60)
 T - a wand of mindburst (59)
 V - a wand of roots (48)
Scrolls
 k - 7 scrolls of vulnerability
 n - 17 scrolls of immolation
 o - 2 scrolls of summoning
 p - 24 scrolls of teleportation {@r2}
 A - 2 scrolls of enchant armour
 C - 5 scrolls of silence
 I - 9 scrolls of fear
 P - 7 scrolls of poison
 U - 9 scrolls of fog
 X - 2 scrolls of amnesia
Potions
 d - 3 potions of magic
 l - 15 potions of enlightenment
 t - 16 potions of curing {@q1}
 v - 9 potions of berserk rage
 z - 9 potions of attraction
 D - 12 potions of brilliance
 F - 2 potions of resistance {@q5}
 N - 2 potions of might {@q3}
 Q - 4 potions of lignification
Miscellaneous
 j - a phial of floods
 r - a phantom mirror
 K - a condenser vane
 O - a lightning rod (4/4)


   Skills:
 O Level 27 Fighting
 O Level 27 Polearms
 - Level 16.0 Throwing
 O Level 27 Armour
 O Level 27 Dodging
 - Level 1.5 Stealth
 O Level 27 Shields
 + Level 15.9 Spellcasting
 O Level 27 Invocations
 O Level 27 Evocations


You had 57 spell levels left.
You didn't know any spells.
Your spell library contained the following spells:

 Spells                   Type           Power      Damage    Failure   Level
 Apportation              Tloc           10%        N/A       36%         1
 Foxfire                  Conj/Fire      20%        2x1d5     36%         1
 Freeze                   Ice            20%        1d4       36%         1
 Kiss of Death            Conj/Necr      20%        2d7       36%         1
 Magic Dart               Conj           20%        1d4       36%         1
 Sandblast                Erth           10%        2d5       36%         1
 Shock                    Conj/Air       20%        1d4       36%         1
 Sting                    Conj/Alch      20%        1d4       36%         1
 Blink                    Tloc           10%        N/A       47%         2
 Call Imp                 Summ           10%        N/A       47%         2
 Cigotuvi's Dreadful Rot  Necr/Alch/Air  10%        N/A       47%         2
 Ensorcelled Hibernation  Hex/Ice        10%        N/A       47%         2
 Jinxbite                 Hex            10%        N/A       47%         2
 Lesser Beckoning         Tloc           10%        N/A       47%         2
 Mercury Vapours          Alch/Air       10%        N/A       47%         2
 Momentum Strike          Conj/Tloc      10%        3d8       47%         2
 Scorch                   Fire           10%        2d5       47%         2
 Searing Ray              Conj           10%        2d4       47%         2
 Static Discharge         Conj/Air       10%        3-4/arc   47%         2
 Sublimation of Blood     Necr           5%         N/A       47%         2
 Call Canine Familiar     Summ           5%         N/A       71%         3
 Confusing Touch          Hex            5%         N/A       71%         3
 Frozen Ramparts          Ice            10%        1d2       71%         3
 Fugue of the Fallen      Necr           5%         N/A       71%         3
 Gell's Gravitas          Tloc           5%         N/A       71%         3
 Hailstorm                Conj/Ice       5%         3d5       71%         3
 Inner Flame              Hex/Fire       5%         N/A       71%         3
 Mephitic Cloud           Conj/Alch/Air  5%         N/A       71%         3
 Ozocubu's Armour         Ice            5%         N/A       71%         3
 Passwall                 Erth           5%         N/A       71%         3
 Sigil of Binding         Hex            5%         N/A       71%         3
 Stone Arrow              Conj/Erth      10%        3d7       71%         3
 Summon Ice Beast         Ice/Summ       5%         N/A       71%         3
 Swiftness                Air            5%         N/A       71%         3
 Teleport Other           Tloc           5%         N/A       71%         3
 Tukima's Dance           Hex            5%         N/A       71%         3
 Volatile Blastmotes      Fire/Tloc      10%        2d10      71%         3
 Airstrike                Air            2%         2d(1-17)  97%         4
 Anguish                  Hex/Necr       2%         N/A       97%         4
 Animate Armour           Summ/Erth      10%        N/A       97%         4
 Brom's Barrelling Bould  Conj/Erth      5%         2d3       97%         4
 Cause Fear               Hex            2%         N/A       97%         4
 Dimensional Bullseye     Hex/Tloc       2%         N/A       97%         4
 Dispel Undead            Necr           5%         3d7       97%         4
 Flame Wave               Conj/Fire      5%         2d5       97%         4
 Fulminant Prism          Conj/Alch      2%         3d5       97%         4
 Ignite Poison            Fire/Alch      5%         N/A       97%         4
 Iskenderun's Mystic Bla  Conj/Tloc      5%         2d3       97%         4
 Leda's Liquefaction      Alch/Erth      2%         N/A       97%         4
 Manifold Assault         Tloc           5%         N/A       97%         4
 Martyr's Knell           Necr/Summ      5%         N/A       97%         4
 Olgreb's Toxic Radiance  Alch           5%         N/A       97%         4
 Passage of Golubria      Tloc           5%         N/A       97%         4
 Petrify                  Alch/Erth      5%         N/A       97%         4
 Sticky Flame             Fire/Alch      5%         2d4       97%         4
 Summon Blazeheart Golem  Fire/Summ      5%         N/A       97%         4
 Summon Lightning Spire   Summ/Air       5%         N/A       97%         4
 Vhi's Electric Charge    Tloc/Air       10%        N/A       97%         4
 Alistair's Intoxication  Alch           3%         N/A       100%        5
 Arcjolt                  Conj/Air       2%         1d12      100%        5
 Borgnjor's Vile Clutch   Necr/Erth      2%         N/A       100%        5
 Fireball                 Conj/Fire      2%         3d4       100%        5
 Freezing Cloud           Conj/Ice/Air   2%         6-21      100%        5
 Irradiate                Conj/Alch      2%         3d12      100%        5
 Iskenderun's Battlesphe  Conj           5%         2d6       100%        5
 Lee's Rapid Deconstruct  Erth           2%         3d5*      100%        5
 Metabolic Englaciation   Hex/Ice        2%         N/A       100%        5
 Silence                  Hex/Air        2%         N/A       100%        5
 Summon Forest            Summ/Tloc      2%         N/A       100%        5
 Yara's Violent Unravell  Hex/Alch       2%         3d3       100%        5
 Bombard                  Conj/Erth      2%         9d1       100%        6
 Conjure Ball Lightning   Conj/Air       2%         3x3d6     100%        6
 Death Channel            Necr           2%         N/A       100%        6
 Dispersal                Tloc           2%         N/A       100%        6
 Eringya's Noxious Bog    Alch           2%         4d6       100%        6
 Plasma Beam              Fire/Air       2%         2x1d12    100%        6
 Sculpt Simulacrum        Ice/Alch       2%         N/A       100%        6
 Starburst                Conj/Fire      2%         6d3       100%        6
 Summon Cactus Giant      Summ           2%         N/A       100%        6
 Enfeeble                 Hex            2%         N/A       100%        7
 Malign Gateway           Summ/Tloc      2%         N/A       100%        7
 Orb of Destruction       Conj           2%         9d5       100%        7
 Ozocubu's Refrigeration  Ice            2%         4d8       100%        7
 Spellforged Servitor     Conj/Summ      2%         N/A       100%        7
 Summon Hydra             Summ           2%         N/A       100%        7
 Discord                  Hex            2%         N/A       100%        8
 Disjunction              Tloc           2%         N/A       100%        8
 Ignition                 Fire           2%         3d3       100%        8
 Maxwell's Capacitive Co  Air            2%         ∞         100%        8
 Chain Lightning          Conj/Air       2%         3d3       100%        9
 Dragon's Call            Summ           2%         N/A       100%        9
 Fire Storm               Conj/Fire      2%         8d1       100%        9
 Polar Vortex             Ice            2%         N/A       100%        9
 Shatter                  Erth           2%         3d6*      100%        9


Dungeon Overview and Level Annotations

Branches:
Dungeon (15/15)            Temple (1/1) D:6            Lair (5/5) D:11
  Swamp (4/4) Lair:3        Snake (4/4) Lair:3        Slime (5/5) Lair:5
    Orc (2/2) D:10            Elf (3/3) Orc:2        Vaults (5/5) D:14
  Crypt (3/3) Vaults:2       Tomb (3/3) Crypt:3      Depths (4/4) D:15
   Hell (visited)             Dis (7/7) Hell            Geh (7/7) Hell
    Coc (7/7) Hell            Tar (7/7) Hell            Zot (5/5) Depths:4
Ossuary (visited)         Desolation (visited)      Gauntlet (visited)

Altars:
Ashenzari
Cheibriados
Dithmenos
Elyvilon
Fedhas
Gozag
Hepliaklqana
Kikubaaqudgha
Makhleb
Nemelex Xobeh
Okawaru
Qazlal
Ru
Sif Muna
Trog
Uskayaw
Vehumet
Wu Jian
Xom
Yredelemnul
Zin
The Shining One
Jiyva

Shops:
D:4 =   D:15 !   Orc:1 *   Orc:2 **[::   Elf:1 [(!(   Elf:2 *   Elf:3 ((=[
Snake:2 (   Vaults:1 =   Vaults:3 ?[   Depths:2 ?

Portals:
Hell: Depths:1 Depths:2 Depths:3 Depths:4
Abyss: Lair:3 Depths:3 Depths:4
Pandemonium: Depths:2
Trove: D:13 (give 7 potions of haste)

Annotations:
D:9 3 runed translucent doors, PlayingRandomsOnly's ghost, novice BaEE
D:10 2 runed translucent doors, losten's ghost, journeyman DsGl
Lair:3 2 transporters, Pihasti's ghost, journeyman DsDe
Snake:3 1 runed translucent door
Elf:2 4 runed translucent doors
Dis:3 36 runed doors


Innate Abilities, Weirdness & Mutations

You have a pair of horns on your head.
You reflexively headbutt those who attack you in melee.
You sometimes lose your temper in combat.
Armour fits poorly on your strangely shaped body.
You occasionally shout uncontrollably at your foes.
You do not regenerate when monsters are visible.
Your muscles are strong. (Str +4, Int/Dex -1)
Your spells are a little harder to cast, but a little more powerful.
You occasionally lose the ability to drink potions when taking damage.
You passively dampen the noise of your surroundings.


Message History

You block the iron shot.
You impale the Hell Sentinel!!
The Hell Sentinel convulses!!!
You kill the Hell Sentinel!
What level of the Dungeon? (default 1, ? - help)
There is a stone staircase leading up here.
You climb upwards.
There is a stone staircase leading down here.
A tormentor and a goblin come into view.
The tormentor roars!
The goblin shouts!
You rampage towards the tormentor!
You completely miss the tormentor. You headbutt the tormentor.
The tormentor is lightly wounded.
You block the tormentor's attack. The tormentor completely misses you.
You hit the tormentor but do no damage. You headbutt the tormentor.
The tormentor is lightly wounded.
You impale the tormentor!!
The tormentor convulses!!!
You kill the tormentor!
You rampage towards the goblin!
You block the goblin's attack.
You perforate the goblin like a sieve!!!
You kill the goblin!
No target in view!
What level of the Dungeon? (default 1, ? - help)
You see here 5 stones.
You see here a +0 hand axe.
There is a stone staircase leading up here.
You climb upwards.
There is a stone staircase leading down here.
There is a stone staircase leading up here.
You climb upwards.
There is a stone staircase leading down here.
What level of the Dungeon? (default 1, ? - help) HP restored.
You open the door.
There is an open door here.
There is a staircase leading out of the dungeon here.
Zin will now cleanse your potions of mutation.
There is a staircase leading out of the dungeon here.
You have 3367 gold pieces.
Unknown command.
You have escaped!

#.#.# ##.#.###.##.##..#
##.#### #.#.#
#.###...........# #.#
#.#.#####.#.#######.##.#
#.# #...%........#
#....# #.#
#.#.######.#.# ##.####
#.#
#.#.###.##########..#
#.#
#.#.....'....♣P#P####
#.# #.#######~~~..♣P#.♣
#.# #.# ##~8....@♣#
#.#####
#.#######~~~..♣P#.♣
#......
........'....♣P#P##
#######
#.......##########
#.#####.# #.# #.# #.#
#.# #.# #.# #.#
############## #.# #.#
#.###.............
#.#####.##
#.##......###.....


There were no monsters in sight!

Vanquished Creatures
  Antaeus (Coc:7)
  Mnoleg (Pan)
  the Royal Jelly (Slime:5)
  Asmodeus (Geh:7)
  the Serpent of Hell (Dis:7)
  Lom Lobon (Pan)
  Dispater (Dis:7)
  9 dread liches
  Khufu (Crypt:3)
  7 ancient liches
  4 orbs of fire (Zot:5)
  4 juggernauts
  6 pandemonium lords
  17 royal mummies
  Bai Suzhen (Snake:3)
  Vashnia (Snake:2)
  8 Killer Klowns
  13 shard shrikes
  2 curse toes
  Geryon (Hell)
  12 golden dragons
  18 caustic shrikes
  23 profane servitors
  2 pearl dragons
  5 hellephants
  19 Brimstone Fiends
  19 bone dragons
  26 Tzitzimimeh
  2 electric golems (Zot:5)
  11 doom hounds
  13 Hell Sentinels
  A walking crystal tome (Depths:2)
  Rupert (Lair:3)
  17 tainted leviathans
  19 tentacled monstrosities
  3 iron giants
  15 Ice Fiends
  24 Orb Guardians
  10 liches
  16 quicksilver dragons
  20 searing wretches
  Grunn (Depths:4)
  9 deep elf master archers
  12 deep elf blademasters
  22 titans
  2 walking frostbound tomes
  Murray (Hell)
  16 sphinxes
  14 tentacled starspawn
  5 acid blobs
  23 Executioners (Pan)
  39 ancient champions
  4 death cobs
  Kirke (Lair:3)
  Agnes (Snake:2)
  11 tengu reavers
  An azure jelly (shapeshifter) (Zig:12)
  Aizul (Snake:2)
  9 shadow dragons
  A shadow dragon (shapeshifter) (Zig:12)
  3 thorn hunters
  13 protean progenitors
  7 nagarajas
  2 revenants (Crypt:3)
  16 storm dragons
  4 fenstrider witches
  31 fire giants
  5 draconian knights
  23 azure jellies
  5 daevas (Pan)
  9 rockslimes
  11 demonspawn warmongers
  7 draconian shifters
  3 quicksilver elementals (Dis:7)
  23 narguns
  44 balrugs
  14 deep elf sorcerers
  9 iron dragons
  20 frost giants
  7 ghost moths
  9 draconian monks
  2 spectral juggernauts (Tar:1)
  A caustic shrike zombie (Tomb:2)
  An imperial myrmidon (Desolation)
  6 deep elf elementalists (Elf:3)
  23 vault wardens
  11 draconian scorchers
  7 curse skulls
  7 cacodemons (Pan)
  5 angels (Pan)
  7 draconian stormcallers
  A demonspawn corrupter (Pan)
  2 spectral caustic shrikes
  8 shard shrike simulacra
  2 demonspawn blood saints
  8 ghouls
  14 draconian annihilators
  29 stone giants
  3 orc warlords
  10 apis (Pan)
  5 caustic shrike skeletons (Pan)
  8 juggernaut skeletons
  26 ironbound preservers
  16 reapers
  12 quicksilver oozes
  A broodmother (Zot:5)
  5 formless jellyfish
  18 very ugly things
  10 deep elf demonologists
  3 eleionomae
  20 green draconians
  3 demonspawn black suns (Pan)
  4 ophanim (Pan)
  11 deep elf death magi
  28 elemental wellsprings
  10 ironbound thunderhulks
  6 bunyips
  30 putrid mouths
  5 spark wasps
  11 red draconians
  13 black draconians
  11 vampire knights
  27 war gargoyles
  12 deep elf annihilators
  8 bennus (Tomb:3)
  6 lorocyprocas
  17 white draconians
  A dire elephant (shapeshifter) (Zig:12)
  A spectral titan (Tar:3)
  13 yellow draconians
  18 wendigos
  A spark wasp (shapeshifter) (Zig:12)
  8 dire elephants
  A minotaur (Gauntlet)
  16 purple draconians
  6 crystal guardians
  17 green deaths
  10 eidola
  8 iron golems
  Snorg (Lair:3)
  21 blizzard demons
  A spectral kraken (Tar:7)
  22 mummy priests
  5 entropy weavers
  8 ettins
  3 shambling mangroves
  17 yaktaur captains
  18 jiangshi
  3 spectral iron giants
  6 spectral spriggans
  33 vault guards
  The ghost of Conn the Covert, a journeyman OpFE of Sif Muna (Orc:2)
  3 ragged hierophants (Desolation)
  3 spriggan zombies
  10 deep elf high priests
  10 fire dragons
  A spectral tengu (Tar:1)
  4 rakshasas
  3 servants of whispers (Desolation)
  8 spriggan air magi
  10 great orbs of eyes
  4 ogre magi
  14 caustic shrike simulacra
  A sphinx zombie (Depths:2)
  3 hell beasts
  12 peacekeepers
  17 salamander tyrants
  8 ice dragons
  6 juggernaut simulacra
  20 hydras
  13 ironbound frosthearts
  2 fenstrider witch skeletons
  3 catoblepae
  2 ghost crabs
  2 spriggan skeletons
  6 alligators
  4 death knights
  12 two-headed ogres
  5 centaur warriors
  6 boulder beetles
  25 dancing weapons
  7 anacondas
  2 radroaches (Zot:3)
  9 stokers
  11 deep troll earth magi
  8 deep troll shamans
  8 tengu warriors
  3 death yaks (Gauntlet)
  2 Orb Guardian skeletons
  45 hell hogs
  6 spriggan berserkers
  11 vampire magi
  34 thrashing horrors
  7 demonic crawlers
  26 death scarabs
  2 holy swine (Pan)
  12 naga warriors
  2 spectral nagas
  A titan skeleton (Crypt:1)
  22 deep elf knights
  11 naga sharpshooters
  5 orc high priests
  5 spectral dire elephants
  8 shock serpents
  7 hell knights
  7 crystal echidnas
  14 sixfirhies
  22 soul eaters
  9 shadow wraiths
  82 sun demons
  9 salamander mystics
  6 goliath frogs
  45 skeletal warriors
  11 wretched stars
  13 iron trolls
  2 skysharks
  9 sea snakes (Snake:3)
  A hellephant skeleton (Pan)
  6 quicksilver dragon simulacra
  2 skysharks (shapeshifter) (Vaults:5)
  12 flayed ghosts
  8 glowing orange brains
  A cherub (Pan)
  2 anaconda zombies
  A golden dragon zombie (Crypt:3)
  88 deep trolls
  A bunyip zombie (Hell)
  10 sun moths (Pan)
  An orb spider (Abyss:3)
  14 bog bodies
  A bunyip skeleton (Crypt:1)
  20 deep elf archers
  15 lindwurms
  A spriggan druid (Swamp:4)
  8 swamp dragons
  3 shadow demons (Pan)
  2 arcanists
  9 death drakes
  17 phantasmal warriors
  A golden dragon skeleton (Depths:3)
  A tengu zombie (Depths:3)
  An anaconda skeleton (Hell)
  A glowing orange brain (shapeshifter) (Vaults:5)
  38 deep elf pyromancers
  22 ugly things
  An orange crystal statue (Depths:2)
  4 spriggan simulacra
  2 shadow dragon zombies
  A fenstrider witch simulacrum (Coc:1)
  11 naga ritualists
  An oklob plant (Lair:4)
  16 necromancers
  9 orc knights
  41 starcursed masses
  31 deep elf zephyrmancers
  A frost giant zombie (Crypt:3)
  12 mana vipers
  13 harpies
  17 ironbound convokers
  25 salamanders
  A fire giant zombie (Depths:2)
  An alligator zombie (Hell)
  6 orc sorcerers
  4 will-o-the-wisps
  A wolf spider (D:10)
  A faun (shapeshifter) (Vaults:5)
  30 moths of wrath
  3 spectral centaurs
  11 cyclopes
  A moth of wrath (shapeshifter) (Vaults:5)
  41 large abominations
  A meliai (shapeshifter) (D:15)
  5 manticores
  2 stone giant skeletons
  11 elephants
  4 centaur zombies
  6 shining eyes
  10 titan simulacra
  2 alligator skeletons
  4 meliai
  38 black mambas
  34 vault sentinels
  A fire giant skeleton (Vaults:4)
  6 guardian serpents
  A kobold blastminer (Orc:1)
  2 apocalypse crabs
  A water nymph (shapeshifter) (Vaults:5)
  2 eyes of devastation
  A guardian serpent (shapeshifter) (D:13)
  19 cane toads
  15 molten gargoyles
  2 dire elephant zombies
  5 rust devils
  9 spectral swamp worms (Tar:7)
  5 ice statues
  18 naga magi
  A gargoyle (D:10)
  Maggie (D:9)
  2 grey draconian zombies
  A dire elephant skeleton (Crypt:1)
  2 kobold demonologists
  46 smoke demons
  16 hellions
  12 orange demons
  3 centaur skeletons
  21 efreet
  4 unseen horrors
  4 rime drakes
  A white draconian zombie (Crypt:1)
  2 unseen horrors (shapeshifter)
  25 freezing wraiths
  A human zombie (Vaults:4)
  50 yaktaurs
  A bunyip simulacrum (Coc:1)
  18 komodo dragons
  9 ancient zymes
  4 anaconda simulacra
  18 tormentors
  3 ice devils
  45 guardian mummies
  3 golden dragon simulacra
  5 tengu conjurers
  A black draconian skeleton (Crypt:3)
  4 silent spectres
  33 hellwings
  An iron giant simulacrum (Coc:7)
  8 red devils
  3 spectral harpies
  A harpy zombie (Crypt:2)
  19 trolls
  3 harpy skeletons
  A bloated husk (Swamp:2)
  5 hydra zombies
  A queen bee (shapeshifter) (Elf:1)
  2 sun moth zombies
  14 tyrant leeches
  15 wind drakes
  18 raiju
  42 saltlings (Desolation)
  4 dream sheep
  38 blink frogs
  3 hydra skeletons
  5 glass eyes
  An iron dragon simulacrum (Zig:2)
  2 ettin zombies
  12 hornets
  2 stone giant simulacra
  A death drake skeleton (Crypt:3)
  A raiju (shapeshifter) (D:14)
  An ettin skeleton (Crypt:3)
  84 slime creatures
  A centaur simulacrum (D:15)
  A frost giant simulacrum (Depths:3)
  An ice dragon skeleton (Crypt:2)
  A jumping spider (Vaults:5)
  18 ushabtiu
  A fire dragon skeleton (Crypt:1)
  21 ynoxinuls
  11 water elementals
  5 spriggans
  6 air elementals
  Sigmund (D:4)
  2 shadows
  7 wyverns
  5 hogs (Lair:3)
  7 wraiths
  An orc simulacrum (Tomb:2)
  13 yaks
  3 vampires
  7 fire elementals
  8 dire elephant simulacra
  A sea snake simulacrum (Hell)
  2 humans
  8 basilisks
  A fire bat (Abyss:4)
  A steam dragon (D:6)
  13 golden eyes
  14 chaos spawn
  11 neqoxecs
  5 wargs
  An alligator snapping turtle simulacrum (Coc:2)
  7 vampire mosquitoes
  An elf skeleton (Vaults:4)
  A redback (Vaults:5)
  18 harpy simulacra
  6 acid dragons
  Edmund (D:4)
  17 swamp worms
  44 nagas
  A glowing shapeshifter zombie (Depths:2)
  A merfolk zombie (Crypt:2)
  11 water moccasins
  3 hydra simulacra
  2 glowing shapeshifter skeletons (Depths:3)
  2 naga skeletons
  9 hell hounds
  41 orc warriors
  8 swamp drakes
  4 ice beasts
  A merfolk skeleton (Crypt:1)
  3 ettin simulacra
  2 sky beasts (shapeshifter)
  5 black bears
  30 laughing skulls
  27 ogres
  17 small abominations
  6 wolves (Lair:1)
  10 centaurs
  4 boggarts (Vaults:2)
  A rime drake zombie (Crypt:1)
  2 kobold brigands
  A lindwurm skeleton (Crypt:3)
  7 weeping skulls
  Blork the orc (D:5)
  A gnoll sergeant (D:10)
  A salamander skeleton (Crypt:2)
  15 bullfrogs
  A brain worm (Abyss:3)
  3 earth elementals
  A scorpion (D:5)
  3 water moccasin zombies (Ossuary)
  A yaktaur skeleton (Crypt:1)
  5 naga simulacra
  12 wights
  A wyvern skeleton (Crypt:2)
  A burial acolyte (Ossuary)
  14 killer bees
  A troll zombie (Crypt:1)
  4 electric eels
  4 howler monkeys
  A yak skeleton (Crypt:2)
  A raiju skeleton (Crypt:2)
  3 crimson imps (Gauntlet)
  A bombardier beetle (D:5)
  6 quasits
  3 lava snakes (Lair:3)
  6 jellies
  25 orc priests
  4 hounds
  3 iron imps
  A spectral scorpion (Ossuary)
  Ijyb (D:3)
  5 sleepcaps
  2 iguanas
  27 orc wizards
  7 hell rats (Lair:2)
  A crocodile zombie (Ossuary)
  An ogre skeleton (Crypt:1)
  Robin (D:3)
  34 mummies
  8 gnolls
  15 river rats (Lair:2)
  9 adders
  A steam dragon zombie (Crypt:3)
  2 shadow imps
  A white imp (Vaults:2)
  14 ufetubi
  4 adder zombies (Ossuary)
  2 dart slugs
  2 ribbon worms
  56 orcs
  9 ball pythons
  3 endoplasms (D:3)
  6 giant cockroaches
  7 gnoll zombies (Ossuary)
  15 hobgoblins
  12 quokkas
  3 training dummies (Snake:2)
  7 bats
  4 frilled lizards
  8 goblins
  7 jackal zombies (Ossuary)
  14 kobolds
  3 orc zombies (Ossuary)
  15 rats
  2 aspiring fleshes
  4 ball lightnings (Pan)
  2 creeping infernos
  22 fire vortices
  2 spectral weapons (Zig:12)
  12 starspawn tentacles
  2 tentacles (Tar:7)
4551 creatures vanquished.

Vanquished Creatures (collateral kills)
  Cerebov (Pan)
  Gloorx Vloq (Pan)
  Ereshkigal (Tar:7)
  A royal mummy (Tomb:1)
  A profane servitor (Tar:7)
  3 Brimstone Fiends
  A tentacled monstrosity (Pan)
  A deep elf blademaster (Crypt:2)
  2 cacodemons (Pan)
  A caustic shrike skeleton (Pan)
  A bunyip (Pan)
  2 green draconians (Pan)
  A hellephant skeleton (Pan)
  A shadow demon (Pan)
  A large abomination (Pan)
  An orange demon (Pan)
  A tormentor (Pan)
  A red devil (Zot:4)
  3 neqoxecs (Pan)
  An ushabti (Tomb:1)
  2 chaos spawn (Pan)
  An aspiring flesh (Pan)
  A fire vortex (Pan)
30 creatures vanquished.

Vanquished Creatures (others)
  A shard shrike (Coc:4)
  A Hell Sentinel (Dis:7)
  An eldritch tentacle (Pan)
  A storm dragon (Zot:4)
  A frost giant (Hell)
  A fire giant (Geh:4)
  A draconian knight (Zot:5)
  A demonspawn blood saint (Pan)
  A green death (Pan)
  An iron golem (Dis:7)
  2 juggernaut simulacra (Coc:6)
  2 caustic shrike simulacra
  2 stokers
  A deep elf knight (Elf:1)
  A deep elf archer (Zig:13)
  A quicksilver dragon simulacrum (Coc:7)
  A titan simulacrum (Coc:2)
  2 smoke demons (Pan)
  An orc zombie (Crypt:2)
  A tengu conjurer (Depths:3)
  An anaconda simulacrum (Coc:7)
  A tormentor (Geh:4)
  2 bloated husks
  2 wind drakes (Pan)
  A stone giant simulacrum (Coc:1)
  2 dire elephant simulacra (Coc:7)
  2 ynoxinuls (Pan)
  2 neqoxecs (Pan)
  A golden eye (Abyss:2)
  A harpy simulacrum (Coc:7)
  A hydra simulacrum (Coc:7)
  A naga simulacrum (Coc:1)
  2 ball lightnings (Pan)
  3 creeping infernos
  18 foxfires
  3 lurking horrors (Abyss:2)
  20 spectral weapons
  21 starspawn tentacles
  3 tentacles (Tar:7)
111 creatures vanquished.

Grand Total: 4692 creatures vanquished

Notes
Turn   | Place    | Note
-------+----------+-------------------------------------------
     0 | D:1      | NoAnimeNoLife the Minotaur Wanderer began the quest for the
                  | Orb.
     0 | D:1      | NoAnimeNoLife set off with the following items: a +2
                  | dagger, a scroll of blinking {@r3}, a +0 spear, a +0
                  | buckler, a scroll of summoning, a +0 leather armour.
     0 | D:1      | Reached XP level 1. HP: 14/14 MP: 0/0
   198 | D:1      | Reached skill level 1 in Fighting
   198 | D:1      | Reached skill level 5 in Polearms
   265 | D:1      | Reached XP level 2. HP: 23/23 MP: 1/1
   279 | D:1      | Found a faded altar of an unknown god.
   824 | D:2      | Reached XP level 3. HP: 29/29 MP: 2/2
  1043 | D:2      | Reached XP level 4. HP: 31/38 MP: 3/3
  1635 | D:3      | Found a sacrificial altar of Ru.
  1683 | D:3      | Noticed Ijyb
  1684 | D:3      | Noticed Robin
  1715 | D:3      | Killed Ijyb
  1716 | D:3      | Reached XP level 5. HP: 41/46 MP: 4/4
  1727 | D:3      | Killed Robin
  2215 | D:4      | Found a shadowy altar of Dithmenos.
  2315 | D:4      | Found Ogiemamy's Jewellery Emporium.
  2722 | D:4      | Noticed Edmund
  2746 | D:4      | Killed Edmund
  2747 | D:4      | Reached skill level 5 in Fighting
  2747 | D:4      | Reached XP level 6. HP: 31/56 MP: 5/5
  2864 | D:4      | Noticed Sigmund
  2873 | D:4      | Killed Sigmund
  2922 | D:4      | Found a bloodstained altar of Trog.
  2994 | D:4      | Reached XP level 7. HP: 39/63 MP: 6/6
  3261 | D:5      | Entered Level 5 of the Dungeon
  3392 | D:5      | Noticed Blork the orc
  3402 | D:5      | Killed Blork the orc
  3653 | D:5      | Reached XP level 8. HP: 74/74 MP: 7/7
  4164 | D:6      | Found a sand-covered staircase.
  4169 | Ossuary  | Entered an ossuary
  4204 | Ossuary  | Reached skill level 10 in Polearms
  4661 | D:6      | Found an iron altar of Okawaru.
  4681 | D:6      | Reached XP level 9. HP: 65/83 MP: 8/8
  4688 | D:6      | Became a worshipper of Warmaster Okawaru
  4777 | D:6      | Found a staircase to the Ecumenical Temple.
  4784 | D:6      | Reached skill level 10 in Fighting
  5431 | D:7      | Reached * piety under Okawaru
  5492 | D:7      | Found a hide-covered altar of Uskayaw.
  5553 | D:7      | Found a snail-covered altar of Cheibriados.
  5781 | D:7      | Found a broken altar of Ashenzari.
  6154 | D:8      | Reached ** piety under Okawaru
  6340 | D:8      | Found a hazy altar of Hepliaklqana.
  6365 | D:8      | Reached XP level 10. HP: 97/97 MP: 9/9
  6812 | D:9      | Found a runed translucent gate.
  6812 | D:9      | Found a runed translucent gate.
  6813 | D:9      | Found a runed translucent gate.
  6838 | D:9      | Noticed Maggie
  6850 | D:9      | Killed Maggie
  6915 | D:9      | Noticed PlayingRandomsOnly's ghost (novice BaEE)
  7046 | D:9      | Found a radiant altar of Vehumet.
  7113 | D:10     | Entered Level 10 of the Dungeon
  7248 | D:10     | Noticed a two-headed ogre
  7261 | D:9      | Killed a two-headed ogre
  7261 | D:9      | Reached *** piety under Okawaru
  7328 | D:10     | Noticed a two-headed ogre
  7348 | D:9      | Killed a two-headed ogre
  7349 | D:9      | Reached skill level 1 in Invocations
  7406 | D:10     | Reached **** piety under Okawaru
  7550 | D:10     | Found a stormy altar of Qazlal.
  7662 | D:10     | Noticed a centaur warrior
  7667 | D:10     | Noticed a brown ugly thing
  7669 | D:10     | Noticed a wolf spider
  7806 | D:10     | Reached XP level 11. HP: 93/107 MP: 11/11
  7829 | D:10     | Noticed a two-headed ogre
  7841 | D:10     | Killed a two-headed ogre
  7854 | D:10     | Killed a wolf spider
  8008 | D:10     | Reached ***** piety under Okawaru
  8009 | D:10     | Reached skill level 5 in Armour
  8183 | D:10     | Found a blossoming altar of Fedhas.
  8194 | D:10     | Found a burning altar of Makhleb.
  8388 | D:10     | Noticed a sun demon
  8389 | D:10     | Reached skill level 15 in Polearms
  8434 | D:10     | Received a gift from Okawaru
  8483 | D:10     | Killed a brown ugly thing
  8485 | D:10     | Killed a centaur warrior
  8486 | D:10     | Reached skill level 5 in Dodging
  8781 | D:10     | Found a large runed translucent door.
  8781 | D:10     | Found a large runed translucent door.
  8785 | D:10     | Noticed losten's ghost (journeyman DsGl)
  8951 | D:10     | Found a staircase to the Orcish Mines.
  9388 | D:11     | Reached skill level 5 in Invocations
  9664 | D:10     | Received a gift from Okawaru
  9929 | D:11     | Noticed a boulder beetle
  9941 | D:11     | Killed a boulder beetle
  9942 | D:11     | Reached XP level 12. HP: 105/115 MP: 15/15
 10245 | D:11     | Found a staircase to the Lair.
 10537 | D:12     | Identified the +2 hand axe "Ecsahish" {venom, rF+}
 10609 | D:12     | Received a gift from Okawaru
 11124 | Lair:1   | Entered Level 1 of the Lair of Beasts
 11752 | Lair:1   | Identified the amulet "Bopn" {Faith rC+ Regen+}
 12163 | Lair:2   | Got the Handbook of Horrible Striking
 12190 | Lair:2   | Noticed a five-headed hydra
 12204 | Lair:2   | Killed a 14-headed hydra
 12575 | Lair:2   | Reached ****** piety under Okawaru
 12576 | Lair:2   | Acquired a +6 demon trident of electrocution
 12576 | Lair:2   | Received a gift from Okawaru
 12582 | Lair:2   | Acquired the +3 pair of gauntlets of War {Slay+5}
 12582 | Lair:2   | Received a gift from Okawaru
 12582 | Lair:2   | Found the +3 pair of gauntlets of War {Slay+5}
 12697 | Lair:2   | Received a gift from Okawaru
 13509 | Lair:3   | Reached skill level 10 in Armour
 13532 | Lair:3   | Found a transporter.
 13594 | Lair:3   | Noticed Snorg
 13600 | Lair:3   | Killed Snorg
 13601 | Lair:3   | Reached XP level 13. HP: 122/122 MP: 15/18
 13697 | Lair:3   | Found a transporter.
 13761 | Lair:3   | Noticed Rupert
 13767 | Lair:3   | Killed Rupert
 13767 | Lair:3   | Received a gift from Okawaru
 13890 | Lair:3   | Found a staircase to the Swamp.
 14129 | Lair:3   | Found a staircase to the Snake Pit.
 14199 | Lair:3   | Found a one-way gate to the infinite horrors of the Abyss.
 14199 | Lair:3   | Noticed Pihasti's ghost (journeyman DsDe)
 14658 | D:4      | Bought the ring of Beauty {+Blink rElec rF+ rC+ rN+} for
                  | 770 gold pieces
 14954 | Lair:4   | Noticed Kirke
 15091 | Lair:4   | Reached skill level 10 in Dodging
 15096 | Lair:4   | Received a gift from Okawaru
 15244 | Lair:3   | Killed Kirke
 15276 | Lair:4   | Received a gift from Okawaru
 15338 | Lair:4   | Reached skill level 10 in Invocations
 15859 | Lair:5   | Entered Level 5 of the Lair of Beasts
 15892 | Lair:5   | Received a gift from Okawaru
 15960 | Lair:4   | Reached XP level 14. HP: 104/129 MP: 20/20
 16043 | Lair:5   | Found a viscous altar of Jiyva.
 16052 | Lair:5   | Found a staircase to the Slime Pits.
 16114 | Lair:4   | Received a gift from Okawaru
 16301 | Lair:5   | Identified the +7 glaive of Strategic Superiority {elec,
                  | rElec Int+4}
 16304 | Lair:5   | Received a gift from Okawaru
 16309 | Lair:5   | Reached skill level 5 in Shields
 17050 | Orc:1    | Entered Level 1 of the Orcish Mines
 17050 | Orc:1    | Found Xurryah's Overcharged Wands.
 17331 | Orc:1    | Noticed an orc warlord
 17364 | Orc:1    | Killed an orc warlord
 17379 | Orc:1    | Received a gift from Okawaru
 18006 | Orc:2    | Entered Level 2 of the Orcish Mines
 18144 | Orc:2    | Found a staircase to the Elven Halls.
 18199 | Orc:2    | Found Nejanaor's Antique Armour Shop.
 18210 | Orc:2    | Received a gift from Okawaru
 18220 | Orc:2    | Reached XP level 15. HP: 134/136 MP: 15/22
 18252 | Orc:2    | Found Duckuj Lago's Book Shoppe.
 18266 | Orc:2    | Found Fyjaleung's Assorted Antiques.
 18288 | Orc:2    | Found Vid Nate's Book Boutique.
 18332 | Orc:2    | Received a gift from Okawaru
 18472 | Orc:2    | Found a runed translucent door.
 18473 | Orc:2    | Noticed Conn's ghost (journeyman OpFE)
 18545 | Orc:2    | Found Wemeanud's General Store.
 18770 | D:4      | Bought the amulet of the Four Winds {rN+ Will+++ Clar} for
                  | 849 gold pieces
 18770 | D:4      | Found the amulet of the Four Winds {rN+ Will+++ Clar}
 19008 | Orc:2    | Bought a scroll of identify for 26 gold pieces
 19008 | Orc:2    | Bought a scroll of poison for 52 gold pieces
 19120 | Orc:2    | Identified the +4 scimitar "Tireqiku" {holy, rPois rC-
                  | rCorr Str+3}
 19340 | Orc:2    | Killed Conn's ghost
 19540 | Snake:1  | Entered Level 1 of the Snake Pit
 19825 | Snake:1  | Identified the +0 falchion of Uskayaw's Hope {speed, Fly}
 19870 | Snake:1  | Reached skill level 15 in Armour
 20032 | Arena    | Entered the Arena
 20046 | Arena    | Gained mutation: You occasionally lose the ability to drink
                  | potions when taking damage. [potion of mutation]
 20046 | Arena    | Gained mutation: You are vulnerable to cold. (rC-) [potion
                  | of mutation]
 20047 | Arena    | Lost mutation: You occasionally lose the ability to drink
                  | potions when taking damage. [potion of mutation]
 20047 | Arena    | Lost mutation: You are vulnerable to cold. (rC-) [potion of
                  | mutation]
 20047 | Arena    | Gained mutation: Your spells are a little easier to cast,
                  | but a little less powerful. [potion of mutation]
 20047 | Arena    | Gained mutation: You are agile. (Dex +4, Str/Int -1)
                  | [potion of mutation]
 20760 | Snake:2  | Received a gift from Okawaru
 20761 | Snake:2  | Reached skill level 10 in Shields
 20805 | Snake:2  | Found Jilanub's Firing Range.
 20825 | Snake:2  | Identified the serpent talisman of Xelo {Slay+2}
 20825 | Snake:2  | Noticed Aizul
 20843 | Snake:2  | Killed Aizul
 20860 | Snake:2  | Noticed Agnes
 20899 | Snake:2  | Killed Agnes
 21119 | Snake:2  | Noticed Vashnia
 21199 | Snake:2  | Killed Vashnia
 21532 | Snake:2  | Reached XP level 16. HP: 135/144 MP: 24/24
 21568 | Snake:2  | Got Lius's Quarto of Smouldering Angles
 22454 | Snake:3  | Noticed Bai Suzhen
 22481 | Snake:3  | Killed Bai Suzhen
 22482 | Snake:3  | Reached skill level 15 in Dodging
 23025 | Snake:3  | Found a runed translucent door.
 23227 | Snake:3  | Received a gift from Okawaru
 23430 | Snake:4  | Entered Level 4 of the Snake Pit
 23752 | Snake:4  | Received a gift from Okawaru
 24651 | Snake:4  | Reached skill level 1 in Evocations
 24697 | Snake:4  | Got a serpentine rune of Zot
 24739 | Snake:4  | Reached XP level 17. HP: 114/150 MP: 25/25
 25096 | Snake:4  | Received a gift from Okawaru
 25449 | Swamp:1  | Entered Level 1 of the Swamp
 26085 | Swamp:1  | Reached skill level 5 in Evocations
 28845 | Swamp:4  | Entered Level 4 of the Swamp
 28982 | Swamp:4  | Received a gift from Okawaru
 29165 | Arena    | Entered the Arena
 29237 | Swamp:4  | Reached skill level 15 in Shields
 29514 | Swamp:4  | Got a decaying rune of Zot
 30798 | D:13     | Found a portal to a secret trove of treasure.
 30990 | D:13     | Received a gift from Okawaru
 31242 | D:14     | Reached XP level 18. HP: 138/158 MP: 26/26
 32076 | D:14     | Found a gate to the Vaults.
 32126 | D:15     | Entered Level 15 of the Dungeon
 32130 | D:15     | Found Agaesopp's Distillery.
 32167 | D:15     | Found a staircase to the Depths.
 32239 | D:15     | Found a gate leading to a gauntlet.
 32258 | D:15     | Received a gift from Okawaru
 32270 | Gauntlet | Entered a Gauntlet
 32270 | Gauntlet | Found a transporter.
 32270 | Gauntlet | Found a transporter.
 32274 | Gauntlet | Found a transporter.
 32274 | Gauntlet | Found a transporter.
 32283 | Gauntlet | Found a transporter.
 32306 | Gauntlet | Found a transporter.
 32315 | Gauntlet | Found a transporter.
 32315 | Gauntlet | Found a transporter.
 32317 | Gauntlet | Found a transporter.
 32344 | Gauntlet | Found a transporter.
 32353 | Gauntlet | Found a transporter.
 32373 | Gauntlet | Found a transporter.
 32419 | Gauntlet | Found a transporter.
 32437 | Gauntlet | Found a transporter.
 32537 | Gauntlet | Found a transporter.
 32551 | Gauntlet | Found the amulet of Vitality {RegenMP++ Regen++}
 32553 | Gauntlet | Found a transporter.
 32671 | Gauntlet | Identified the ring "Urrer" {rPois rC+ Dex+4}
 32776 | Gauntlet | Identified the +2 hat of Thoughtfulness {Rampage Str+2
                  | Stlth+}
 32808 | Gauntlet | Identified the +5 mace of the Fox {heavy, rN+ Str+4}
 32822 | Gauntlet | Identified the +1 spear of Jannyot {antimagic, Stlth+}
 32857 | D:15     | Found a viscous altar of Jiyva.
 32862 | D:15     | Identified the +0 scale mail "Isuames" {+Blink rF+ Str+3}
 33188 | D:15     | Bought a potion of curing for 42 gold pieces
 33188 | D:15     | Bought a potion of might for 56 gold pieces
 33188 | D:15     | Bought a potion of haste for 140 gold pieces
 33188 | D:15     | Bought a potion of mutation for 112 gold pieces
 33188 | D:15     | Bought a potion of ambrosia for 112 gold pieces
 33188 | D:15     | Bought a potion of mutation for 112 gold pieces
 33543 | Vaults:1 | Entered Level 1 of the Vaults
 34052 | Vaults:1 | Received a gift from Okawaru
 35140 | Vaults:1 | Identified a scroll of acquirement
 35140 | Vaults:1 | Acquired 758 gold pieces
 35674 | Vaults:1 | Received a gift from Okawaru
 36084 | Vaults:1 | Found Furre Olu's Jewellery Shop.
 36382 | Vaults:2 | Found a crumbling gateway.
 36398 | Vaults:2 | Received a gift from Okawaru
 36403 | Vaults:2 | Reached XP level 19. HP: 134/165 MP: 27/27
 36477 | Desolati | Entered the Desolation of Salt
 36704 | Desolati | Found the +7 mace of Variability {chaos, chaos arc}
 36710 | Desolati | Identified the +3 war axe "Sagatz" {freeze, rCorr Str-2
                  | Int-2 Dex+9}
 36712 | Desolati | Identified the amulet of the Solstice {Faith rN+}
 36881 | Desolati | Identified the +9 morningstar "Xiurgh" {drain, rPois rF+}
 36897 | Desolati | Identified the +8 short sword of Poruw {freeze, rElec rC-
                  | SInv Stlth+}
 36996 | Desolati | Identified the +5 dagger of Jaumny {flame, rF+ Str+4}
 37058 | Desolati | Received a gift from Okawaru
 37695 | Vaults:2 | Found a staircase to the Crypt.
 37695 | Vaults:2 | Found an ancient bone altar of Kikubaaqudgha.
 37697 | Vaults:2 | Found a basalt altar of Yredelemnul.
 38084 | Vaults:2 | Reached skill level 15 in Fighting
 38151 | Vaults:2 | Received a gift from Okawaru
 39092 | Vaults:3 | Found Otaghygu's Magic Scroll Shoppe.
 39106 | Vaults:3 | Bought a scroll of teleportation for 57 gold pieces
 39106 | Vaults:3 | Bought a scroll of fear for 76 gold pieces
 39106 | Vaults:3 | Bought a scroll of identify for 38 gold pieces
 39106 | Vaults:3 | Bought a scroll of identify for 38 gold pieces
 39106 | Vaults:3 | Bought a scroll of identify for 38 gold pieces
 39109 | Vaults:3 | Reached XP level 20. HP: 187/187 MP: 28/28
 39245 | Vaults:3 | Reached XP level 21. HP: 139/195 MP: 29/29
 39349 | Vaults:3 | Received a gift from Okawaru
 39618 | Vaults:3 | Found Fuyshic's Armour Shop.
 40385 | Vaults:3 | Received a gift from Okawaru
 40775 | Vaults:4 | Identified the +5 orcbow of Compassion {flame, +Blink rCorr
                  | Str+4}
 41104 | Vaults:4 | Received a gift from Okawaru
 41697 | Vaults:4 | Received a gift from Okawaru
 42028 | Vaults:5 | Entered Level 5 of the Vaults
 42029 | Vaults:5 | Noticed an ancient lich
 42244 | Vaults:5 | Killed an ancient lich
 42245 | Vaults:5 | Reached XP level 22. HP: 179/221 MP: 24/30
 42530 | Vaults:5 | Received a gift from Okawaru
 42618 | Vaults:5 | Noticed an ancient lich
 42634 | Vaults:5 | Killed an ancient lich
 42654 | Vaults:5 | Identified the ring of Busch {rElec Will+ Int+6 Dex-3}
 42890 | Vaults:5 | Received a gift from Okawaru
 43007 | Vaults:5 | Reached skill level 1 in Throwing
 43210 | Vaults:5 | Got a silver rune of Zot
 43294 | Vaults:5 | Reached skill level 5 in Throwing
 43568 | Vaults:5 | Noticed a golden dragon
 43575 | Vaults:5 | Received a gift from Okawaru
 43583 | Vaults:5 | Killed a golden dragon
 43904 | Vaults:5 | Noticed a golden dragon
 43916 | Vaults:5 | Killed a golden dragon
 44651 | Vaults:5 | Identified the +8 great sword of Dyret {freeze, rC+}
 44667 | Vaults:5 | Received a gift from Okawaru
 44703 | Vaults:5 | Reached skill level 10 in Throwing
 44708 | Vaults:5 | Identified the ring "Kyoghet" {+Blink rN++ Will- Int+6
                  | Dex+3}
 44746 | Vaults:5 | Identified the +0 scale mail of the Lobster {rF- rN+ rCorr
                  | Stlth+}
 44780 | Vaults:5 | Identified the +0 leather armour "Sioluoru" {rF+ Int+3}
 44800 | Vaults:5 | Identified the +5 trident of Dried Tears {freeze, rElec rF-
                  | rC+ Int+3}
 45280 | Elf:1    | Entered Level 1 of the Elven Halls
 45456 | Depths:1 | Entered Level 1 of the Depths
 45630 | Depths:1 | Reached XP level 23. HP: 200/234 MP: 31/31
 47905 | Depths:1 | Found a gateway to Hell.
 47907 | Depths:1 | Found an ancient bone altar of Kikubaaqudgha.
 48230 | Depths:1 | Found a radiant altar of Vehumet.
 48544 | Depths:2 | Received a gift from Okawaru
 48600 | Depths:2 | Found Wicsiopto's Magic Scroll Boutique.
 48612 | Depths:2 | Bought a scroll of teleportation for 42 gold pieces
 48612 | Depths:2 | Bought a scroll of teleportation for 42 gold pieces
 48612 | Depths:2 | Bought a scroll of revelation for 105 gold pieces
 48612 | Depths:2 | Bought a scroll of revelation for 105 gold pieces
 48612 | Depths:2 | Bought a scroll of poison for 56 gold pieces
 48612 | Depths:2 | Bought a scroll of blinking for 105 gold pieces
 48612 | Depths:2 | Bought a scroll of enchant weapon for 105 gold pieces
 48828 | Depths:2 | Found a one-way gate leading to the halls of Pandemonium.
 49063 | Depths:2 | Noticed a juggernaut
 49076 | Depths:2 | Killed a juggernaut
 49374 | Depths:2 | Found a one-way gateway to a ziggurat.
 49465 | Depths:2 | Identified the staff "Giant's Funeral" {rElec rN+ Air}
 49938 | Depths:3 | Received a gift from Okawaru
 50378 | Depths:3 | Reached skill level 15 in Throwing
 50973 | Depths:3 | Received a gift from Okawaru
 51161 | Depths:4 | Entered Level 4 of the Depths
 51204 | Depths:4 | Identified the +0 chain mail of the Okapi {+Inv rN++ rCorr
                  | Int-5}
 51960 | Depths:4 | Found a bloodstained altar of Trog.
 52189 | Depths:4 | Received a gift from Okawaru
 52414 | Depths:4 | Found an opulent altar of Gozag.
 52471 | Depths:4 | Reached XP level 24. HP: 154/242 MP: 31/31
 52481 | Depths:4 | Reached skill level 10 in Evocations
 52677 | Depths:4 | Found a gate to the Realm of Zot.
 52758 | Depths:4 | Found a white marble altar of Elyvilon.
 52795 | Depths:4 | Noticed Grunn
 52797 | Arena    | Entered the Arena
 52844 | Depths:4 | Killed Grunn
 52878 | Depths:4 | Identified the +2 tower shield "Huteal" {Harm rF+ Dex+2
                  | Stlth-}
 53051 | Depths:4 | Received a gift from Okawaru
 53242 | Depths:4 | Found a shadowy altar of Dithmenos.
 53464 | Depths:4 | Identified the +5 whip of Voliofeu {flame, ^Drain rElec
                  | Will+ Dex+5}
 54004 | Elf:1    | Found Umuofukh's Armour Shoppe.
 54099 | Elf:1    | Found Takh's Distillery.
 54115 | Elf:1    | Bought a potion of ambrosia for 128 gold pieces
 54115 | Elf:1    | Bought a potion of might for 64 gold pieces
 54115 | Elf:1    | Bought a potion of curing for 48 gold pieces
 54115 | Elf:1    | Bought a potion of might for 64 gold pieces
 54115 | Elf:1    | Bought a potion of haste for 160 gold pieces
 54115 | Elf:1    | Bought a potion of magic for 128 gold pieces
 54115 | Elf:1    | Bought a potion of curing for 48 gold pieces
 54115 | Elf:1    | Bought a potion of curing for 48 gold pieces
 54150 | Elf:1    | Identified the +1 war axe "Hokhlaos" {heavy, Str+3}
 54355 | Elf:1    | Got the Directory of Percussion
 54805 | Elf:1    | Found Gedghoh's Antique Weapon Emporium.
 54907 | Elf:1    | Identified the +7 war axe "Fomn" {flame, rElec rN+}
 55061 | Elf:1    | Found Ziqus's Antique Weapon Shop.
 55447 | Elf:2    | Found Wofeohuj's General Store.
 55459 | Elf:2    | Bought a scroll of teleportation for 45 gold pieces
 55459 | Elf:2    | Bought a scroll of fog for 60 gold pieces
 55807 | Elf:2    | Found a large runed translucent door.
 55807 | Elf:2    | Found a large runed translucent door.
 55832 | Elf:2    | Found a large runed translucent door.
 55832 | Elf:2    | Found a large runed translucent door.
 55977 | Elf:3    | Entered Level 3 of the Elven Halls
 55979 | Elf:3    | Paralysed by an air elemental for 1 turns
 55990 | Elf:3    | Paralysed by an air elemental for 1 turns
 55997 | Elf:3    | Paralysed by an air elemental for 1 turns
 56157 | Elf:3    | Found Ifoergh's Antique Weapon Shop.
 56184 | Elf:3    | Received a gift from Okawaru
 56244 | Elf:3    | Found Muhiyph's Weapon Shop.
 56287 | Elf:3    | Identified the +5 spear of Nenarac {freeze, rF- rC+++ Will+
                  | Stlth+}
 56325 | Elf:3    | Identified the amulet of Gycuejy {Harm Regen+ Dex+7}
 56327 | Elf:3    | Reached skill level 15 in Evocations
 56330 | Elf:3    | Identified the ring of Bugo {+Blink rF- rCorr MP+9 Slay-5}
 56330 | Elf:3    | Identified the +6 great sword of Doomed Absolution
                  | {antimagic, rCorr Dex+2}
 56363 | Elf:3    | Received a gift from Okawaru
 56701 | Elf:3    | Found Gastruut's Armour Shop.
 56719 | Elf:3    | Found Boirud's Jewellery Emporium.
 57285 | Elf:3    | Identified the +0 pair of boots of the Weaver {Rampage
                  | Int+2}
 57723 | Zot:1    | Entered Level 1 of the Realm of Zot
 57915 | Zot:1    | Reached XP level 25. HP: 238/249 MP: 31/31
 58054 | Zot:1    | Received a gift from Okawaru
 58684 | Zot:1    | Got the Spellbook of Hedonism
 60579 | Zot:3    | Received a gift from Okawaru
 60776 | Zot:3    | Identified the +1 scale mail of Eternity {Harm rCorr Int+4}
 62421 | Zot:4    | Received a gift from Okawaru
 62464 | Zot:4    | Reached XP level 26. HP: 68/258 MP: 17/31
 63053 | Zot:5    | Entered Level 5 of the Realm of Zot
 63515 | Zot:5    | Received a gift from Okawaru
 63570 | Zot:5    | Noticed a dread lich
 63580 | Zot:5    | Killed a dread lich
 63677 | Zot:5    | Noticed a dread lich
 63690 | Zot:5    | Killed a dread lich
 63693 | Zot:5    | Noticed a dread lich
 63702 | Zot:5    | Killed a dread lich
 64078 | Zot:5    | Received a gift from Okawaru
 64102 | Zot:5    | Noticed an orb of fire
 64118 | Zot:5    | Gained mutation: Your skin changes colour to match your
                  | surroundings (Stealth+). [an orb of fire]
 64121 | Zot:5    | Gained mutation: Your body sometimes deteriorates upon
                  | taking damage. [an orb of fire]
 64122 | Zot:5    | Killed an orb of fire
 64706 | Zot:5    | Noticed an ancient lich
 64707 | Zot:5    | Noticed an orb of fire
 64724 | Zot:5    | Noticed an orb of fire
 64724 | Zot:5    | Noticed an orb of fire
 64747 | Zot:5    | Noticed an ancient lich
 64750 | Zot:5    | Noticed an orb of fire
 64761 | Zot:5    | Gained mutation: You are robust. (+10% HP) [an orb of fire]
 64765 | Zot:5    | Gained mutation: You have hidden genetic defects. [an orb
                  | of fire]
 64769 | Zot:5    | Gained mutation: You do not regenerate when monsters are
                  | visible. [an orb of fire]
 64778 | Zot:5    | Noticed an orb of fire
 65654 | Slime:1  | Entered Level 1 of the Pits of Slime
 65659 | Slime:1  | Lost mutation: You do not regenerate when monsters are
                  | visible. [potion of mutation]
 65659 | Slime:1  | Lost mutation: Your spells are a little easier to cast, but
                  | a little less powerful. [potion of mutation]
 65659 | Slime:1  | Gained mutation: You are very agile. (Dex +8, Str/Int -2)
                  | [potion of mutation]
 65659 | Slime:1  | Gained mutation: Your spells are a little harder to cast,
                  | but a little more powerful. [potion of mutation]
 65820 | Slime:3  | Gained mutation: Your magical capacity is low. (-10% MP) [a
                  | shining eye]
 65822 | Slime:3  | Lost mutation: Your body sometimes deteriorates upon taking
                  | damage. [a shining eye]
 65986 | Slime:4  | Received a gift from Okawaru
 66026 | Slime:5  | Entered Level 5 of the Pits of Slime
 66035 | Slime:5  | Gained mutation: You are weak. (Str -2) [a shining eye]
 66074 | Slime:5  | Noticed the Royal Jelly
 66090 | Slime:5  | Killed the Royal Jelly
 66435 | Slime:5  | Identified the +9 arbalest "Vaishuly" {speed, ^Contam rN+
                  | Will++}
 66436 | Slime:5  | Identified the staff of Sudden Death {rElec Str+3 Int+2
                  | Dex-3 Conj}
 66523 | Slime:5  | Got a slimy rune of Zot
 66524 | Slime:5  | Identified the +10 plate armour of Lolamusi {rN+}
 66525 | Slime:5  | Identified the +1 ring mail of Truth {rElec rF++}
 66577 | Slime:5  | Identified the ring of the Howling Gods {rF++ EV+5 Str-5}
 67433 | Temple   | Entered the Ecumenical Temple
 67447 | Temple   | Fell from the grace of Okawaru
 67447 | Temple   | Became a worshipper of the Shining One
 67983 | Crypt:1  | Entered Level 1 of the Crypt
 68006 | Crypt:1  | Identified the +0 ring mail of Sudwyax {Dex+4}
 68110 | Crypt:1  | Reached * piety under the Shining One
 68134 | Crypt:1  | Lost mutation: Your spells are a little harder to cast, but
                  | a little more powerful. [hidden defects]
 68184 | Crypt:1  | Reached ** piety under the Shining One
 68297 | Crypt:1  | Reached *** piety under the Shining One
 68446 | Crypt:1  | Reached XP level 27. HP: 292/292 MP: 28/28
 68653 | Crypt:1  | Reached **** piety under the Shining One
 68886 | Crypt:2  | Reached ***** piety under the Shining One
 69850 | Crypt:2  | Gained mutation: You have terrible hidden genetic defects.
                  | [hidden defects]
 69850 | Crypt:2  | Lost mutation: You have terrible hidden genetic defects.
                  | [hidden defects expressed]
 70003 | Crypt:2  | Reached skill level 15 in Invocations
 70229 | Crypt:2  | Reached ****** piety under the Shining One
 70276 | Crypt:2  | Found an ancient bone altar of Kikubaaqudgha.
 70850 | Crypt:3  | Entered Level 3 of the Crypt
 70869 | Crypt:3  | Noticed a royal mummy
 70875 | Crypt:3  | Noticed Khufu
 70882 | Crypt:3  | Noticed a royal mummy
 70891 | Crypt:3  | Killed a royal mummy
 70892 | Crypt:3  | Killed Khufu
 70905 | Crypt:3  | Killed a royal mummy
 70988 | Crypt:3  | Gained mutation: You do not regenerate when monsters are
                  | visible. [hidden defects]
 71021 | Crypt:3  | Lost mutation: You do not regenerate when monsters are
                  | visible. [potion of mutation]
 71021 | Crypt:3  | Lost mutation: You are robust. (+10% HP) [potion of
                  | mutation]
 71021 | Crypt:3  | Lost mutation: You are weak. (Str -2) [potion of mutation]
 71021 | Crypt:3  | Gained mutation: You have a pair of large horns on your
                  | head. [potion of mutation]
 71021 | Crypt:3  | Gained mutation: A frigid envelope surrounds you and
                  | freezes all who hurt you. [potion of mutation]
 71030 | Crypt:3  | Identified a +9 trishula of holy wrath (a +9 demon trident
                  | of electrocution blessed by the Shining One)
 71030 | Crypt:3  | Received a gift from the Shining One
 71446 | Crypt:3  | Identified the +3 scale mail "Fearaunia" {Str+5 Int+3}
 71447 | Crypt:3  | Identified the +1 robe of Filth {Will+ Int+4}
 71602 | Crypt:3  | Gained mutation: You occasionally lose the ability to read
                  | scrolls when taking damage. [hidden defects]
 71602 | Crypt:3  | Lost mutation: You have hidden genetic defects. [hidden
                  | defects expressed]
 71605 | Crypt:3  | Lost mutation: A frigid envelope surrounds you and freezes
                  | all who hurt you. [potion of mutation]
 71605 | Crypt:3  | Lost mutation: Your magical capacity is low. (-10% MP)
                  | [potion of mutation]
 71605 | Crypt:3  | Lost mutation: You have a pair of large horns on your head.
                  | [potion of mutation]
 71605 | Crypt:3  | Gained mutation: Your magical capacity is low. (-10% MP)
                  | [potion of mutation]
 71605 | Crypt:3  | Gained mutation: You have supernaturally acute eyesight.
                  | (SInv) [potion of mutation]
 71606 | Crypt:3  | Lost mutation: Your skin changes colour to match your
                  | surroundings (Stealth+). [potion of mutation]
 71606 | Crypt:3  | Lost mutation: You have supernaturally acute eyesight.
                  | (SInv) [potion of mutation]
 71606 | Crypt:3  | Lost mutation: Your magical capacity is low. (-10% MP)
                  | [potion of mutation]
 71606 | Crypt:3  | Gained mutation: Your spells are a little harder to cast,
                  | but a little more powerful. [potion of mutation]
 71606 | Crypt:3  | Gained mutation: You have very sharp teeth. [potion of
                  | mutation]
 71607 | Crypt:3  | Lost mutation: You have very sharp teeth. [potion of
                  | mutation]
 71607 | Crypt:3  | Lost mutation: Your spells are a little harder to cast, but
                  | a little more powerful. [potion of mutation]
 71607 | Crypt:3  | Lost mutation: You are very agile. (Dex +8, Str/Int -2)
                  | [potion of mutation]
 71608 | Crypt:3  | Lost mutation: You are agile. (Dex +4, Str/Int -1) [potion
                  | of mutation]
 71608 | Crypt:3  | Lost mutation: You occasionally lose the ability to read
                  | scrolls when taking damage. [potion of mutation]
 71608 | Crypt:3  | Gained mutation: You occasionally shout uncontrollably at
                  | your foes. [potion of mutation]
 71608 | Crypt:3  | Gained mutation: Your mind is acute. (Int +4, Str/Dex -1)
                  | [potion of mutation]
 71608 | Crypt:3  | Gained mutation: You are partially covered in iridescent
                  | scales. (AC +2) [potion of mutation]
 71706 | Crypt:3  | Was forgiven by Okawaru
 72020 | Crypt:3  | Found a basalt altar of Yredelemnul.
 72025 | Crypt:3  | Found an ancient bone altar of Kikubaaqudgha.
 72036 | Crypt:3  | Identified the +5 scale mail of Defence {Int+2 Slay+2}
 72071 | Crypt:3  | Found the +9 sword of Zonguldrok {reap}
 72079 | Crypt:3  | Acquired a manual of Polearms
 72084 | Crypt:3  | Identified the ring "Menaoll" {rPois rN+ Str+3 Stlth+}
 72084 | Crypt:3  | Identified the ring "Muuxob" {rN+ Str+4}
 72086 | Crypt:3  | Identified the +2 scimitar of Biuklulo {flame, rF+}
 72361 | Crypt:3  | Found a staircase to the Tomb.
 72449 | Crypt:3  | Lost mutation: You occasionally shout uncontrollably at
                  | your foes. [potion of mutation]
 72449 | Crypt:3  | Lost mutation: You are partially covered in iridescent
                  | scales. (AC +2) [potion of mutation]
 72449 | Crypt:3  | Lost mutation: Your mind is acute. (Int +4, Str/Dex -1)
                  | [potion of mutation]
 72449 | Crypt:3  | Gained mutation: You occasionally shout uncontrollably at
                  | your foes. [potion of mutation]
 72449 | Crypt:3  | Gained mutation: You occasionally lose the ability to drink
                  | potions when taking damage. [potion of mutation]
 72449 | Crypt:3  | Gained mutation: You have a pair of large horns on your
                  | head. [potion of mutation]
 72450 | Crypt:3  | Lost mutation: You occasionally shout uncontrollably at
                  | your foes. [potion of mutation]
 72450 | Crypt:3  | Lost mutation: You have a pair of large horns on your head.
                  | [potion of mutation]
 72450 | Crypt:3  | Lost mutation: You occasionally lose the ability to drink
                  | potions when taking damage. [potion of mutation]
 72450 | Crypt:3  | Gained mutation: You occasionally lose the ability to drink
                  | potions when taking damage. [potion of mutation]
 72450 | Crypt:3  | Gained mutation: You are clumsy. (Dex -2) [potion of
                  | mutation]
 72451 | Crypt:3  | Lost mutation: You are clumsy. (Dex -2) [potion of
                  | mutation]
 72451 | Crypt:3  | Lost mutation: You occasionally lose the ability to drink
                  | potions when taking damage. [potion of mutation]
 72451 | Crypt:3  | Gained mutation: You occasionally lose the ability to read
                  | scrolls when taking damage. [potion of mutation]
 72451 | Crypt:3  | Gained mutation: You have sharp toenails. [potion of
                  | mutation]
 72451 | Crypt:3  | Gained mutation: You expend magic power (3 MP) to
                  | strengthen your wands. [potion of mutation]
 72779 | Pan      | Entered Pandemonium
 72937 | Pan      | Noticed Ticirito the pandemonium lord
 73275 | Pan      | Gained mutation: You sometimes lose the ability to read
                  | scrolls when taking damage. [a cacodemon]
 73337 | Pan      | Acquired 594 gold pieces
 73371 | Pan      | Found a runed translucent door.
 73380 | Pan      | Found a runed translucent door.
 73384 | Pan      | Found a runed translucent door.
 73391 | Pan      | Noticed Poxer the pandemonium lord
 73401 | Pan      | Killed Poxer the pandemonium lord
 73425 | Pan      | Found a runed translucent door.
 73776 | Pan      | Identified the +4 orcbow of Ash {flame, Str+2}
 74188 | Pan      | Entered the realm of Mnoleg.
 74212 | Pan      | Noticed Mnoleg
 74217 | Pan      | Gained mutation: You are dopey. (Int -2) [a cacodemon]
 74222 | Pan      | Gained mutation: You occasionally shout uncontrollably at
                  | your foes. [a cacodemon]
 74224 | Pan      | Gained mutation: You are vulnerable to heat. (rF-) [a
                  | shining eye]
 74240 | Pan      | Killed Mnoleg
 74318 | Pan      | Gained mutation: Your magical capacity is low. (-10% MP) [a
                  | neqoxec]
 74336 | Pan      | Got a glowing rune of Zot
 74337 | Pan      | Lost mutation: You sometimes lose the ability to read
                  | scrolls when taking damage. [potion of mutation]
 74337 | Pan      | Lost mutation: You expend magic power (3 MP) to strengthen
                  | your wands. [potion of mutation]
 74337 | Pan      | Lost mutation: Your magical capacity is low. (-10% MP)
                  | [potion of mutation]
 74337 | Pan      | Gained mutation: You are frail. (-10% HP) [potion of
                  | mutation]
 74337 | Pan      | Gained mutation: Your muscles are strong. (Str +4, Int/Dex
                  | -1) [potion of mutation]
 74338 | Pan      | Lost mutation: Your muscles are strong. (Str +4, Int/Dex
                  | -1) [potion of mutation]
 74338 | Pan      | Lost mutation: You are dopey. (Int -2) [potion of mutation]
 74338 | Pan      | Gained mutation: Your muscles are strong. (Str +4, Int/Dex
                  | -1) [potion of mutation]
 74408 | Pan      | Gained mutation: You have hidden genetic defects. [a
                  | cacodemon]
 74413 | Pan      | Found an exit through the horrors of the Abyss.
 74430 | Pan      | Took an exit into the Abyss.
 74430 | Abyss:1  | Escaped into the Abyss
 74455 | Abyss:2  | Found a corrupted altar of Lugonu.
 74619 | Abyss:2  | Found a bloodstained altar of Trog.
 74646 | Abyss:2  | Found a corrupted altar of Lugonu.
 74730 | Abyss:2  | Found a corrupted altar of Lugonu.
 74775 | Abyss:2  | Found a corrupted altar of Lugonu.
 74790 | Depths:2 | Escaped the Abyss
 74794 | Pan      | Entered Pandemonium
 74932 | Pan      | Noticed Gimneq the pandemonium lord
 74933 | Pan      | Gained mutation: You frequently scream uncontrollably at
                  | your foes. [a neqoxec]
 74942 | Pan      | Killed Gimneq the pandemonium lord
 75017 | Pan      | Got a demonic rune of Zot
 75463 | Pan      | Entered the realm of Lom Lobon.
 75588 | Pan      | Gained mutation: Your body sometimes deteriorates upon
                  | taking damage. [hidden defects]
 75594 | Pan      | Lost mutation: Your body sometimes deteriorates upon taking
                  | damage. [potion of mutation]
 75594 | Pan      | Lost mutation: You are vulnerable to heat. (rF-) [potion of
                  | mutation]
 75594 | Pan      | Lost mutation: You occasionally lose the ability to read
                  | scrolls when taking damage. [potion of mutation]
 75594 | Pan      | Gained mutation: Your muscles are very strong. (Str +8,
                  | Int/Dex -2) [potion of mutation]
 75787 | Pan      | Found an exit through the horrors of the Abyss.
 76574 | Pan      | Gained mutation: You are dopey. (Int -2) [hidden defects]
 76574 | Pan      | Lost mutation: You have hidden genetic defects. [hidden
                  | defects expressed]
 76596 | Pan      | Noticed Lom Lobon
 76615 | Pan      | Killed Lom Lobon
 76858 | Pan      | Got a magical rune of Zot
 77404 | Pan      | Noticed Dylapnu the pandemonium lord
 77412 | Pan      | Killed Dylapnu the pandemonium lord
 77569 | Pan      | Entered the realm of Gloorx Vloq.
 77835 | Pan      | Upgraded the game from 0.31-a0-1537-g69dc257577 to
                  | 0.31-a0-1547-g618ab1f346
 77872 | Pan      | Noticed Gloorx Vloq
 77884 | Pan      | Killed Gloorx Vloq
 77940 | Pan      | Got a dark rune of Zot
 78169 | Pan      | Found an exit through the horrors of the Abyss.
 78965 | Pan      | Gained mutation: You occasionally lose the ability to drink
                  | potions when taking damage. [a cacodemon]
 79016 | Pan      | Found a runed translucent door.
 79022 | Pan      | Found a runed translucent door.
 79023 | Pan      | Found a runed translucent door.
 79033 | Pan      | Found a runed translucent door.
 79167 | Pan      | Noticed Tuczegrar the pandemonium lord
 79177 | Pan      | Killed Tuczegrar the pandemonium lord
 79346 | Pan      | Reached skill level 27 in Invocations
 80325 | Pan      | Entered the realm of Cerebov.
 80522 | Pan      | Identified the ring of Leaves {+Blink rN++ Str-3 Int+6
                  | Stlth+}
 80812 | Pan      | Found an exit through the horrors of the Abyss.
 81564 | Pan      | Identified the amulet of the Shining Light {Reflect +Blink
                  | Str+4 Dex-2 SH+5}
 81880 | Pan      | Got the Grimoire of Non-Euclidean Rime
 82008 | Pan      | Found the +6 sword of Cerebov {flame}
 82008 | Pan      | Noticed Cerebov
 82326 | Pan      | Killed Cerebov
 82760 | Pan      | Got a fiery rune of Zot
 82822 | Pan      | Got the Compilation of the Door
 83033 | Pan      | Took an exit into the Abyss.
 83033 | Abyss:2  | Escaped into the Abyss
 83317 | Abyss:2  | Reached skill level 27 in Fighting
 83496 | Abyss:2  | Found a corrupted altar of Lugonu.
 84163 | Abyss:3  | Found a corrupted altar of Lugonu.
 84227 | Abyss:3  | Found a corrupted altar of Lugonu.
 84895 | Abyss:3  | Gained mutation: Your body sometimes deteriorates upon
                  | taking damage. [a neqoxec]
 84895 | Abyss:3  | Lost intelligence.
 85143 | Abyss:4  | Found a corrupted altar of Lugonu.
 85184 | Abyss:4  | Found a corrupted altar of Lugonu.
 85184 | Abyss:4  | Found a corrupted altar of Lugonu.
 85371 | Abyss:4  | Found a corrupted altar of Lugonu.
 85404 | Abyss:4  | Paralysed by accursed screaming for 1 turns
 85406 | Abyss:4  | Got an abyssal rune of Zot
 85408 | Depths:2 | Escaped the Abyss
 85861 | Tomb:1   | Entered Level 1 of the Tomb of the Ancients
 85919 | Tomb:1   | Identified the +3 trident "Isuschad" {flame, Dex+8}
 86546 | Tomb:1   | Noticed a royal mummy
 86554 | Tomb:1   | Killed a royal mummy
 87280 | Zig:1    | Entered Level 1 of a ziggurat
 87295 | Zig:2    | Entered Level 2 of a ziggurat
 87315 | Zig:3    | Entered Level 3 of a ziggurat
 87339 | Zig:4    | Entered Level 4 of a ziggurat
 87419 | Zig:4    | Identified the +4 morningstar of the Evening {pain, Int+3}
 87426 | Zig:5    | Entered Level 5 of a ziggurat
 87520 | Zig:6    | Entered Level 6 of a ziggurat
 87569 | Zig:6    | Identified the +3 arbalest of the Mashing Firefly {penet,
                  | MP+9}
 87798 | Zig:7    | Entered Level 7 of a ziggurat
 87827 | Zig:7    | Lost mutation: You occasionally lose the ability to drink
                  | potions when taking damage. [potion of mutation]
 87827 | Zig:7    | Lost mutation: Your muscles are very strong. (Str +8,
                  | Int/Dex -2) [potion of mutation]
 87827 | Zig:7    | Gained mutation: You do not regenerate when monsters are
                  | visible. [potion of mutation]
 87866 | Zig:8    | Entered Level 8 of a ziggurat
 87904 | Zig:8    | Lost mutation: You have sharp toenails. [potion of
                  | mutation]
 87904 | Zig:8    | Lost mutation: You are dopey. (Int -2) [potion of mutation]
 87904 | Zig:8    | Lost mutation: You are frail. (-10% HP) [potion of
                  | mutation]
 87904 | Zig:8    | Gained mutation: Your spells are a little harder to cast,
                  | but a little more powerful. [potion of mutation]
 87904 | Zig:8    | Gained mutation: You are partially covered in large bone
                  | plates. (SH +4) [potion of mutation]
 87926 | Zig:8    | Got the Precepts of the Fair Folk and Conduction
 87942 | Zig:9    | Entered Level 9 of a ziggurat
 88014 | Zig:10   | Entered Level 10 of a ziggurat
 88034 | Zig:10   | Noticed a dread lich
 88034 | Zig:10   | Noticed a dread lich
 88035 | Zig:10   | Noticed an ancient lich
 88041 | Zig:10   | Killed an ancient lich
 88043 | Zig:10   | Killed a dread lich
 88043 | Zig:10   | Killed a dread lich
 88051 | Zig:10   | Got Inixetay's Precepts of Damage and Iniquitous Deeds
 88061 | Zig:10   | Identified the ring of Ulafroa {Fire ^Drain Str+5 SInv}
 88062 | Zig:10   | Identified the +3 leather armour of Awe {rN+}
 88077 | Zig:10   | Identified the +3 halberd "Jaetyrod" {flame, *Slow +Blink
                  | Dex+4 Stlth+}
 88091 | Zig:11   | Entered Level 11 of a ziggurat
 88127 | Zig:11   | Identified the amulet "Avac Daj" {Acrobat Str+2 Dex-3
                  | Slay+2}
 88144 | Zig:11   | Reached skill level 27 in Armour
 88144 | Zig:11   | Reached skill level 27 in Shields
 88146 | Zig:11   | Identified the amulet "Vugg" {Acrobat rElec rPois Int-5}
 88147 | Zig:11   | Identified the +2 scale mail of Watchfulness {rC+ Int+3
                  | Dex-3}
 88157 | Zig:12   | Entered Level 12 of a ziggurat
 88169 | Zig:12   | Noticed Tile the pandemonium lord
 88170 | Zig:12   | Noticed Xubruorgh the pandemonium lord
 88176 | Zig:12   | Killed Tile the pandemonium lord
 88194 | Zig:12   | Killed Xubruorgh the pandemonium lord
 88216 | Zig:12   | Lost mutation: You are partially covered in large bone
                  | plates. (SH +4) [potion of mutation]
 88216 | Zig:12   | Lost mutation: Your body sometimes deteriorates upon taking
                  | damage. [potion of mutation]
 88216 | Zig:12   | Lost mutation: You frequently scream uncontrollably at your
                  | foes. [potion of mutation]
 88216 | Zig:12   | Gained mutation: You have hidden genetic potential. [potion
                  | of mutation]
 88216 | Zig:12   | Lost mutation: You have hidden genetic potential. [potion
                  | of mutation]
 88216 | Zig:12   | Gained mutation: You passively dampen the noise of your
                  | surroundings. [potion of mutation]
 88224 | Zig:12   | Identified the ring "Ruxtecs" {Fire Str+3}
 88239 | Zig:13   | Entered Level 13 of a ziggurat
 88309 | Zig:13   | Identified the +2 triple sword of the Supporting Augurer
                  | {elec, rElec}
 88312 | Zig:13   | Identified the +1 war axe "Raisin" {flame, rF+ Int+4}
 88317 | Zig:13   | Identified the +0 war axe of Outrage {antimagic, rN+ Str-4
                  | Int+3}
 88329 | Zig:14   | Entered Level 14 of a ziggurat
 88358 | Zig:14   | Noticed a dread lich
 88358 | Zig:14   | Noticed an ancient lich
 88358 | Zig:14   | Noticed a dread lich
 88358 | Zig:14   | Found the +7 great mace "Firestarter" {flame, immolate,
                  | rFlCloud rF++}
 88358 | Zig:14   | Noticed an ancient lich
 88359 | Zig:14   | Noticed an ancient lich
 88359 | Zig:14   | Found the necklace of Bloodlust {Fury *Rage Will++ Int-3
                  | Slay+6}
 88361 | Zig:14   | Found the +7 captain's cutlass {speed, disarm}
 88364 | Zig:14   | Killed an ancient lich
 88366 | Zig:14   | Killed an ancient lich
 88366 | Zig:14   | Killed an ancient lich
 88366 | Zig:14   | Killed a dread lich
 88367 | Zig:14   | Killed a dread lich
 88375 | Zig:14   | Identified the ring of Gutt {Fly Dex+4}
 88509 | Hell     | Entered the Vestibule of Hell
 88509 | Hell     | Noticed Geryon
 88515 | Hell     | Killed Geryon
 88678 | Hell     | Found a gateway to the decaying netherworld of Tartarus.
 88740 | Hell     | Found a gateway to the freezing wastes of Cocytus.
 88774 | Hell     | Noticed Murray
 88792 | Hell     | Killed Murray
 88843 | Hell     | Found a gateway to the Iron City of Dis.
 88973 | Hell     | Found a gateway to the ashen valley of Gehenna.
 89364 | Geh:1    | Entered Level 1 of Gehenna
 89830 | Geh:2    | Noticed a dread lich
 89836 | Geh:2    | Killed a dread lich
 89878 | Geh:3    | Reached skill level 27 in Dodging
 91666 | Geh:7    | Entered Level 7 of Gehenna
 92329 | Geh:7    | Identified the +0 leather armour "Saroerec" {Harm Dex+3}
 92330 | Geh:7    | Identified the +3 great mace of Benevolence {holy, Fly
                  | rPois Will++}
 92719 | Geh:7    | Found the +13 sceptre of Asmodeus
 92719 | Geh:7    | Noticed Asmodeus
 92740 | Geh:7    | Killed Asmodeus
 92965 | Geh:7    | Got an obsidian rune of Zot
 93138 | Tar:1    | Entered Level 1 of Tartarus
 95442 | Tar:5    | You fall into a shaft and drop 1 floor!
 96118 | Tar:7    | Entered Level 7 of Tartarus
 99248 | Tar:7    | Noticed Ereshkigal
100560 | Tar:7    | Killed Ereshkigal
100660 | Tar:7    | Got a bone rune of Zot
100779 | Tar:7    | Identified the +8 glaive "Xucemen" {spect, Will++}
101337 | Coc:1    | Entered Level 1 of Cocytus
101341 | Coc:1    | Paralysed by a wendigo for 1 turns
101349 | Coc:1    | Paralysed by a wendigo for 1 turns
101354 | Coc:1    | Paralysed by a wendigo for 1 turns
101414 | Coc:1    | Gained mutation: You sometimes lose your temper in combat.
                  | [mutagenic glow]
101423 | Coc:1    | Gained mutation: Armour fits poorly on your strangely
                  | shaped body. [mutagenic glow]
101437 | Coc:1    | Gained mutation: You occasionally lose the ability to drink
                  | potions when taking damage. [mutagenic glow]
102577 | Coc:4    | Paralysed by a wendigo for 1 turns
102604 | Coc:4    | Paralysed by a wendigo for 1 turns
103174 | Coc:5    | Noticed a dread lich
103182 | Coc:5    | Killed a dread lich
103490 | Coc:6    | Reached skill level 27 in Polearms
103900 | Coc:7    | Entered Level 7 of Cocytus
104746 | Coc:7    | Reached skill level 27 in Evocations
104750 | Coc:7    | Reached skill level 1 in Spellcasting
105211 | Coc:7    | Identified the staff "Tussicoz" {rPois Dex+2 Alchemy}
105211 | Coc:7    | Noticed Antaeus
105242 | Coc:7    | Killed Antaeus
105440 | Coc:7    | Got an icy rune of Zot
105758 | Dis:1    | Entered Level 1 of the Iron City of Dis
105768 | Dis:1    | Reached skill level 5 in Spellcasting
106235 | Dis:3    | Found a huge runed gate.
106235 | Dis:3    | Found a huge runed gate.
106235 | Dis:3    | Found a huge runed gate.
106235 | Dis:3    | Found a huge runed gate.
106235 | Dis:3    | Found a huge runed gate.
106235 | Dis:3    | Found a huge runed gate.
106235 | Dis:3    | Found a huge runed gate.
106235 | Dis:3    | Found a huge runed gate.
106301 | Dis:3    | Found a huge runed gate.
106301 | Dis:3    | Found a huge runed gate.
106307 | Dis:3    | Found a huge runed gate.
106307 | Dis:3    | Found a huge runed gate.
106307 | Dis:3    | Found a huge runed gate.
106307 | Dis:3    | Found a huge runed gate.
106307 | Dis:3    | Found a huge runed gate.
106307 | Dis:3    | Found a huge runed gate.
106308 | Dis:3    | Found a huge runed gate.
106309 | Dis:3    | Found a huge runed gate.
106310 | Dis:3    | Found a huge runed gate.
106318 | Dis:3    | Found a huge runed gate.
106318 | Dis:3    | Found a huge runed gate.
106318 | Dis:3    | Found a huge runed gate.
106318 | Dis:3    | Found a huge runed gate.
106318 | Dis:3    | Found a huge runed gate.
106318 | Dis:3    | Found a huge runed gate.
106319 | Dis:3    | Found a huge runed gate.
106320 | Dis:3    | Found a huge runed gate.
106321 | Dis:3    | Found a huge runed gate.
106329 | Dis:3    | Found a huge runed gate.
106329 | Dis:3    | Found a huge runed gate.
106329 | Dis:3    | Found a huge runed gate.
106329 | Dis:3    | Found a huge runed gate.
106329 | Dis:3    | Found a huge runed gate.
106329 | Dis:3    | Found a huge runed gate.
106330 | Dis:3    | Found a huge runed gate.
106331 | Dis:3    | Found a huge runed gate.
106359 | Dis:3    | You fall into a shaft and drop 3 floors!
106699 | Dis:7    | Entered Level 7 of the Iron City of Dis
106929 | Dis:7    | Noticed a juggernaut
106943 | Dis:7    | Killed a juggernaut
106990 | Dis:7    | Noticed a juggernaut
107001 | Dis:7    | Killed a juggernaut
107268 | Dis:7    | Reached skill level 10 in Spellcasting
107360 | Dis:7    | Noticed the Serpent of Hell
107380 | Dis:7    | Killed the Serpent of Hell
107411 | Dis:7    | Noticed a juggernaut
107423 | Dis:7    | Killed a juggernaut
107894 | Dis:7    | Noticed Dispater
107922 | Dis:7    | Killed Dispater
108229 | Dis:7    | Identified the +5 quarterstaff of Xom's Hope {heavy, rF+}
108233 | Dis:7    | Got an iron rune of Zot
110069 | Tomb:2   | Noticed a royal mummy
110074 | Tomb:2   | Killed a royal mummy
110078 | Tomb:2   | Noticed a royal mummy
110078 | Tomb:2   | Noticed a royal mummy
110082 | Tomb:2   | Noticed a royal mummy
110086 | Tomb:2   | Killed a royal mummy
110522 | Tomb:1   | Noticed a royal mummy
110529 | Tomb:1   | Killed a royal mummy
110531 | Tomb:1   | Noticed a royal mummy
110537 | Tomb:1   | Killed a royal mummy
110540 | Tomb:1   | Noticed a royal mummy
110541 | Tomb:1   | Noticed a royal mummy
110547 | Tomb:1   | Killed a royal mummy
110549 | Tomb:1   | Killed a royal mummy
111324 | Tomb:3   | Entered Level 3 of the Tomb of the Ancients
111332 | Tomb:3   | Noticed a royal mummy
111337 | Tomb:3   | Killed a royal mummy
111381 | Tomb:3   | Noticed a royal mummy
111397 | Tomb:3   | Killed a royal mummy
111416 | Tomb:3   | Noticed a royal mummy
111438 | Tomb:3   | Killed a royal mummy
111494 | Tomb:3   | Noticed a royal mummy
111512 | Tomb:3   | Killed a royal mummy
111529 | Tomb:3   | Noticed a royal mummy
111545 | Tomb:3   | Killed a royal mummy
111596 | Tomb:3   | Noticed a royal mummy
111811 | Tomb:3   | Killed a royal mummy
111908 | Tomb:3   | Noticed a royal mummy
112454 | Tomb:3   | Noticed a royal mummy
112461 | Tomb:3   | Killed a royal mummy
112461 | Tomb:3   | Noticed a royal mummy
112464 | Tomb:3   | Killed a royal mummy
112473 | Tomb:3   | Killed a royal mummy
112502 | Tomb:3   | Got a golden rune of Zot
113648 | Zot:5    | Killed an orb of fire
113960 | Zot:5    | Killed an orb of fire
113967 | Zot:5    | Reached skill level 15 in Spellcasting
113979 | Zot:5    | Killed an ancient lich
114304 | Zot:5    | Killed an orb of fire
114392 | Zot:5    | Got the Orb of Zot
114473 | Zot:4    | Noticed Bikyw the pandemonium lord
114649 | Depths:3 | Noticed Lauqouha the pandemonium lord
114958 | Temple   | Fell from the grace of the Shining One
114958 | Temple   | Became a worshipper of Zin the Law-Giver
114958 | Temple   | Reached * piety under Zin
114958 | Temple   | Reached ** piety under Zin
114958 | Temple   | Reached *** piety under Zin
114958 | Temple   | Reached **** piety under Zin
114958 | Temple   | Reached ***** piety under Zin
114959 | Temple   | Donated 6738 gold pieces to Zin
114960 | Temple   | Donated 3369 gold pieces to Zin
115205 | D:1      | Reached ****** piety under Zin
115208 | D:$      | Escaped with the Orb!

Illustrated notes

Levels and vault maps discovered:
D:1:      tarquinn_simple_flora_water_d, layout_loops_ring,
          ebering_ecumenical_altar_box, serial_park_tiny_2,
          hangedman_abyss_or_decor_lesser_grid
D:2:      layout_basic
D:3:      minmay_diamond_boxcup, layout_loops_cross,
          nicolae_ru_great_annihilating_truth, minmay_statues_item,
          minivault_26, nicolae_goblin_pals, uniq_robin
D:4:      layout_basic, kennysheep_mini, lightli_temple_of_fire, serial_shops,
          nicolae_shop_tiny_statue_garden, uniq_edmund, uniq_sigmund
D:5:      layout_loops_ring, uniq_blork_the_orc
D:6:      layout_basic, mainiacjoe_overflow_boulevard,
          minmay_temple_entry_large_hall, enter_ossuary_5
D:7:      layout_cave_pools, cheibriados_altar_1, mainiacjoe_overflow_paths,
          mainiacjoe_overflow_alcove_4
D:8:      layout_loops_cross, lemuel_coloured_pillars_altar
D:9:      layout_basic, mainiacjoe_overflow_six_doors_small,
          gammafunk_ghost_icy, uniq_maggie
D:10:     minmay_the_grid_square_5x5_3x3 [minmay_the_grid_square_5x5_meh,
          minmay_the_grid_square_5x5_detours,
          minmay_the_grid_square_5x5_three_walls,
          minmay_the_grid_square_5x5_checkered_statues,
          minmay_the_grid_square_5x5_megaprize_checkered,
          minmay_the_grid_square_5x5_spiral_small,
          minmay_the_grid_square_5x5_sharp_hourglass,
          minmay_the_grid_square_5x5_tri_point,
          minmay_the_grid_square_5x5_two_walls_b], layout_basic,
          lemuel_tele_altar, jmf_multi_god_temple2, david_orc_4,
          ebering_ghost_disaster_area, grunt_ministairs_8, skrybe_limestone_x
D:11:     layout_cross, erik_lair_dragon, nzn_sisyphean_effort
D:12:     layout_roguey, evilmike_butchery
D:13:     layout_rooms, enter_trove_5, kennysheep_generic_room_10
D:14:     layout_loops_ring, hellmonk_vaults_attempted_burglary, fountainhead
D:15:     hellmonk_depths_entry_around_the_bend, layout_loops_cross,
          minmay_misc_feat_rows, gauntlet_entry_generic, serial_shops, shop,
          jiyva_altar_1
Temple:   hellmonk_temple_rainy
Lair:1:   layout_hall_layers
Lair:2:   lemuel_ratsnest, layout_gridlike, dreamdust_mushroom_princess
Lair:3:   layout_chaotic_city, mainiacjoe_swamp_entry_lozenge_pond,
          nicolae_snake_entry_warm_welcome, gammafunk_ghost_abyssal_escape,
          patterned_corridor, uniq_rupert, uniq_snorg
Lair:4:   layout_cave_shapes, infiniplex_staircase_pool, uniq_kirke
Lair:5:   minmay_lair_end_frog_pond, layout_loops_ring, slime_entry_1
Swamp:1:  layout_falls_marsh, infiniplex_staircase_pool_2,
          nicolae_swamp_long_stream
Swamp:2:  layout_basic_swamp, serial_swamp_ruin, evilmike_swamp_ruin_house_1,
          evilmike_swamp_ruin_house_6, evilmike_swamp_ruin_house_3
Swamp:3:  layout_falls_marsh, evilmike_swamp_ruin_rubble_2, swamp_pool_5
Swamp:4:  swamp_basic_johnstein, layout_basic_swamp
Snake:1:  cheibrodos_snake_lava_hold, layout_onion_interference,
          grunt_megastairs_1
Snake:2:  hangedman_cross_stitches, layout_basic, nicolae_shop_firing_range,
          uniq_aizul, uniq_agnes, uniq_vashnia
Snake:3:  layout_basic, grunt_ministairs_14, lightli_airlock, uniq_bai_suzhen
Snake:4:  minmay_snake_end_coiled, layout_gridlike, nicolae_large_snake_swirl,
          grunt_megastairs_4
Slime:1:  layout_caves
Slime:2:  layout_caves, nicolae_slime_rock_hall_of_fame
Slime:3:  layout_caves
Slime:4:  layout_caves, nicolae_slime_ancient_tower_intersection,
          cheibrodos_slime_lost_civilization_5
Slime:5:  slime_pit_nicolae_jellycorners
Orc:1:    orc_temple, layout_diamond_mine, nicolae_shop_overcharged_wands
Orc:2:    st_orc_open, layout_caves, serial_shops,
          nicolae_shop_tiny_real_fake_doors, ebering_ghost_inner_flame,
          elf_legates
Elf:1:    layout_onion_city, serial_shops, shop, nicolae_shop_peninsula, shop,
          nicolae_diamond_shop, minmay_elf_annihilation
Elf:2:    elven_hall_of_blades_hangedman_alternative
          [nicolae_blade_entry_splitting_headache], layout_geoelf_octagon,
          serial_shops, nicolae_shop_stone, lemuel_elevator
Elf:3:    minmay_elf_hall_not_hex, layout_rooms, serial_shops, shop,
          nicolae_shop_advertising_works [nicolae_subvault_shop_adworks], shop,
          nicolae_shop_statue_plus
Vaults:1: vaults_room_grid, nicolae_vaults_mitosis, nicolae_vaults_shelves_hall,
          ontoclasm_vaults_eye, nicolae_vaults_closet_pinwheel_1,
          nicolae_vaults_closet_pinwheel_3, nicolae_vaults_storage_closets_3,
          vaults_room_grunt_arrival_ludios, nicolae_vaults_rhombus_7,
          layout_vaults_quadrants, serial_shops, shop
Vaults:2: portal_desolation_entry_garden, minmay_crypt_entry_necro_gods,
          vaults_standard_mumra_lines, v_alt_pattern_3,
          nicolae_vaults_shrinking_rooms_1, ontoclasm_vaults_spin,
          v_alt_pattern_2, grunt_vaults_hallway_short, serial_ice_m,
          nicolae_vaults_house_3, v_misc_24, nicolae_vaults_sesquioval_fish,
          vaults_dpeg_spiral, hangedman_vaults_trim, layout_vaults_omnicross
Vaults:3: v_misc_15, v_misc_9, nicolae_vaults_taking_the_gang_shopping,
          nicolae_vaults_murderbox, vaults_room_door_hall,
          nicolae_vaults_house_1, v_pattern_5, vaults_room_boxed,
          nicolae_vaults_ring_of_whatevers, hangedman_vaults_slice,
          nicolae_vaults_house_3, layout_vaults_ring, serial_shops,
          nicolae_shop_window_shopping
Vaults:4: v_misc_30, ontoclasm_vaults_pinch,
          nicolae_vaults_trapezoid_lopsided_3, nicolae_vaults_hexular_roomagon,
          v_misc_3, nicolae_vaults_quartermaster, hangedman_vaults_corner,
          v_misc_1, nicolae_vaults_wine_cellar, grunt_vaults_twisty, v_misc_19,
          layout_vaults_omnibox
Vaults:5
Crypt:1:  layout_gridlike, minicrypt_bobbens
Crypt:2:  cheibrodos_crypt_eye_of_stone, layout_misc_corridors,
          grunt_megastairs_2
Crypt:3:  lightli_unholy_cathedral, layout_chaotic_city,
          tomb_entry_pyramid_bobbens, st_small_mortuary, uniq_khufu
Tomb:1
Tomb:2
Tomb:3
Depths:1: layout_long_grid, kiku_gazebo_pond_becter, hell_entry,
          nicolae_vehumet_altar_sigil, kennysheep_random_hallway
Depths:2: minmay_inside_and_out, layout_gridlike, enter_ziggurat_e,
          grunt_pan_entry_zigzag, serial_shops, nicolae_shop_trees,
          nicolae_elevator_lobby_plus, hell_entry, minmay_protected_statue,
          infiniplex_staircase_spiral_double
Depths:3: dreamdust_cat_pyramid, layout_cave_pools, grunt_metal_band,
          abyss_entry, chequers_serial_rivers_small_3, serial_co_window_serial,
          co_window_corner_a, co_window_paths_b, co_window_of_opportunity_a,
          co_window_corner_a, co_window_corner_a, co_window_broadway_c,
          co_window_cross_3, co_window_unsneaky_path_c, co_window_paths_c,
          co_window_2corner, glass_columns_b, glass_columns_a, glass_columns_a,
          glass_columns_c
Depths:4: grunt_profane_halls [grunt_zot_portal, grunt_profane_temple_tar,
          grunt_profane_temple_geh, grunt_profane_temple_coc,
          grunt_profane_temple_dis], hell_entry, abyss_entry, uniq_grunn
Hell
Dis:1:    layout_gridville
Dis:2:    layout_overlapping_boxes
Dis:3:    layout_subdivisions, door_vault
Dis:6:    layout_gridville, minmay_strange_pillars
Dis:7:    dis_grunt_layers
Geh:1:    layout_gehenna_pools_box, nicolae_geh_lavax
Geh:2:    layout_gehenna_pools_basic
Geh:3:    layout_gehenna_lava_caves
Geh:4:    layout_gehenna_pools_triple
Geh:5:    layout_gehenna_pools_triple, nicolae_geh_lava_rosette
Geh:6:    layout_gehenna_pools_triple
Geh:7:    geh_grunt
Coc:1:    layout_cocytus_delve
Coc:2:    layout_ice_bergs
Coc:3:    layout_ice_bergs
Coc:4:    layout_ice_bergs
Coc:5:    layout_cocytus_water_paths
Coc:6:    layout_ice_bergs
Coc:7:    coc_mu
Tar:1:    layout_grid_maze, nicolae_tar_cuneiform_three, nicolae_tar_combstack
Tar:2:    layout_grid_maze, nicolae_tar_cuneiform_to_be
Tar:3:    layout_honeycomb, nicolae_hells_fiendish_ambush
Tar:4:    layout_cathedral_of_symmetry, nicolae_tar_cuneiform_not
Tar:5:    layout_grid_maze
Tar:6:    layout_honeycomb
Tar:7:    tar_minmay_river
Zot:1:    layout_misc_corridors, zot_minivault_7, regret_index_zotdec_banners
Zot:2:    layout_gridlike, hangedman_zot_decor_checkerboard
Zot:3:    layout_misc_corridors, lemuel_flame_loot_1, lemuel_elevator
Zot:4:    layout_misc_corridors
Zot:5:    layout_misc_corridors

Skill      XL: |  1  2  3  4  5  6  7  8  9 10 11 12 13 14 15 16 17 18 19 20 21 22 23 24 25 26 27 |
---------------+----------------------------------------------------------------------------------+-----
Fighting       | 1 2 3 5 6 7 9 12 13 17 18 23 25 27 | 27.0
Polearms       | 5 6 7 8 9 11 13 14 15 16 27 | 27.0
Armour         | 4 7 10 12 14 15 17 20 23 27 | 27.0
Dodging        | 3 6 9 11 12 14 16 18 21 27 | 27.0
Invocations    | 2 5 8 10 11 12 13 27 | 27.0
Shields        | 2 7 10 13 17 21 23 27 | 27.0
Evocations     | 2 7 9 16 17 27 | 27.0
Throwing       | 10 16 | 16.0
Spellcasting   | 15 | 15.9
Stealth        | |  1.5

Action                     |  1- 3 |  4- 6 |  7- 9 | 10-12 | 13-15 | 16-18 | 19-21 | 22-24 | 25-27 || total
---------------------------+-------+-------+-------+-------+-------+-------+-------+-------+-------++-------
  Melee: Spear             |    79 |    25 |       |       |       |       |       |       |       ||   104
         Dagger            |    12 |       |       |       |       |       |       |       |       ||    12
         Headbutt          |    13 |    22 |    65 |    99 |   161 |   321 |   372 |   547 |  2180 ||  3780
         Trident           |       |   160 |   255 |       |       |       |       |       |   666 ||  1081
         Halberd           |       |       |   155 |   482 |       |       |       |       |       ||   637
         Demon trident     |       |       |       |    70 |  1015 |  1581 |  1216 |  1965 |  1193 ||  7040
         Trishula          |       |       |       |       |       |       |       |       |  5014 ||  5014
  Throw: Javelin           |       |       |       |       |       |       |       |    10 |   226 ||   236
         Throwing net      |       |       |       |       |       |       |       |       |     5 ||     5
 Invoke: Heroism           |       |       |       |     6 |    13 |    13 |     8 |    12 |    11 ||    63
         Receive Weapon    |       |       |       |     1 |       |       |       |       |       ||     1
         Receive Armour    |       |       |       |     1 |       |       |       |       |       ||     1
         Finesse           |       |       |       |       |     9 |     4 |     2 |     5 |     7 ||    27
         Duel              |       |       |       |       |     1 |     1 |       |     1 |       ||     3
         Cleansing Flame   |       |       |       |       |       |       |       |       |   305 ||   305
         Divine Shield     |       |       |       |       |       |       |       |       |    49 ||    49
         Summon Divine War |       |       |       |       |       |       |       |       |    16 ||    16
         Donate Gold       |       |       |       |       |       |       |       |       |     2 ||     2
         Brand Weapon With |       |       |       |       |       |       |       |       |     1 ||     1
Ability: Evoke Blink       |       |       |       |       |       |       |       |       |     3 ||     3
  Evoke: Wand              |       |     1 |       |       |     2 |     4 |     1 |     1 |    59 ||    68
         Condenser vane    |       |       |       |     1 |     2 |     2 |     1 |     3 |     9 ||    18
         Phantom mirror    |       |       |       |       |       |       |       |       |     4 ||     4
    Use: Scroll            |       |     4 |     5 |     9 |    15 |    10 |     6 |     4 |    59 ||   112
         Potion            |       |       |       |     2 |     7 |     3 |     2 |     4 |   116 ||   134
   Stab: Sleeping          |     3 |       |       |       |       |       |       |       |     1 ||     4
         Paralysed         |       |     1 |       |       |       |       |       |       |       ||     1
         Distracted        |       |     1 |       |       |       |     1 |     1 |     2 |     2 ||     7
         Confused          |       |       |       |     1 |     2 |       |       |       |       ||     3
         Petrified         |       |       |       |       |     1 |       |       |       |       ||     1
 Armour: Leather armour    |    11 |       |       |       |       |       |       |       |       ||    11
         Scale mail        |     6 |       |       |       |       |       |       |       |       ||     6
         Plate armour      |    11 |    83 |   232 |   477 |       |       |       |       |  2139 ||  2942
         Chain mail        |       |       |       |    51 |   535 |   578 |   224 |   467 |   447 ||  2302
         Skin              |       |       |       |       |       |       |       |       |   176 ||   176
  Dodge: Dodged            |    33 |    38 |    75 |   188 |   409 |   672 |   303 |   450 |  1724 ||  3892
  Block: Buckler           |     7 |    21 |    35 |     2 |   148 |   140 |       |       |       ||   353
         Kite shield       |       |       |       |       |       |   301 |       |       |       ||   301
         Tower shield      |       |       |       |       |       |   232 |   912 |  1276 |  6356 ||  8776

Table legend: (Time is in decaauts)
 A = Elapsed time spent in this place.
 B = Non-inter-level travel time spent in this place.
 C = Inter-level travel time spent in this place.
 D = Time resting spent in this place.
 E = Time spent auto-exploring this place.
 F = Levels seen in this place.
 G = Mean time per level.
                   A        B        C        D        E       F      G
               +--------+--------+--------+--------+--------+-----+--------+
         Total | 110953 |  94387 |  16566 |  17928 |  51352 | 130 |  853.5 |
       Dungeon |  17726 |  12447 |   5279 |    807 |   8970 |  15 | 1181.7 |
        Temple |     49 |     31 |     18 |      0 |      0 |   1 |   49.0 |
          Lair |   5717 |   4181 |   1536 |    187 |   3115 |   5 | 1143.4 |
         Swamp |   4990 |   4346 |    644 |    632 |   2862 |   4 | 1247.5 |
     Snake Pit |   6183 |   5344 |    839 |    492 |   3802 |   4 | 1545.8 |
    Slime Pits |   1627 |   1515 |    112 |    449 |    524 |   5 |  325.4 |
  Orcish Mines |   2164 |   1642 |    522 |     63 |   1161 |   2 | 1082.0 |
   Elven Halls |   3320 |   2956 |    364 |    289 |   1992 |   3 | 1106.7 |
        Vaults |  11065 |   8646 |   2419 |    517 |   5957 |   5 | 2213.0 |
         Crypt |   4277 |   3576 |    701 |    459 |   2121 |   3 | 1425.7 |
          Tomb |   4195 |   3759 |    436 |   1966 |    644 |   3 | 1398.3 |
        Depths |   7210 |   5756 |   1454 |    815 |   3785 |   4 | 1802.5 |
          Hell |   1122 |    863 |    259 |    141 |    425 |   1 | 1122.0 |
           Dis |   2424 |   2332 |     92 |   1117 |    444 |   5 |  484.8 |
       Gehenna |   3528 |   3255 |    273 |    908 |   1641 |   7 |  504.0 |
       Cocytus |   4449 |   3979 |    470 |   1061 |   1809 |   7 |  635.6 |
      Tartarus |   7952 |   7330 |    622 |   2561 |   3495 |   7 | 1136.0 |
           Zot |   8243 |   7724 |    519 |   2455 |   3724 |   5 | 1648.6 |
         Abyss |   2473 |   2473 |      0 |      0 |   1292 |   5 |  494.6 |
   Pandemonium |   9310 |   9310 |      0 |   2685 |   2500 |  19 |  490.0 |
      Ziggurat |   1102 |   1102 |      0 |    285 |     98 |  14 |   78.7 |
       Ossuary |    231 |    231 |      0 |     35 |     55 |   1 |  231.0 |
    Desolation |    980 |    980 |      0 |      0 |    646 |   1 |  980.0 |
      Gauntlet |    544 |    544 |      0 |      0 |    285 |   1 |  544.0 |
         Arena |     61 |     61 |      0 |      0 |      0 |   3 |   20.3 |
               +--------+--------+--------+--------+--------+-----+--------+

Top non-repeatable levels by time:
   Tar:7: 5202 daAuts
Vaults:5: 2936 daAuts
    D:10: 2742 daAuts
Vaults:1: 2588 daAuts
   Zot:5: 2520 daAuts
    D:11: 2490 daAuts
Depths:4: 2278 daAuts
Vaults:2: 2061 daAuts
Vaults:3: 2016 daAuts
  Tomb:1: 1969 daAuts
Depths:2: 1903 daAuts
Depths:3: 1851 daAuts
 Crypt:3: 1847 daAuts
   Coc:7: 1807 daAuts
 Snake:2: 1696 daAuts
